%YAML 1.1
%TAG !u! tag:unity3d.com,2011:
--- !u!1 &122863957551429598
GameObject:
  m_ObjectHideFlags: 0
  m_CorrespondingSourceObject: {fileID: 0}
  m_PrefabInstance: {fileID: 0}
  m_PrefabAsset: {fileID: 0}
  serializedVersion: 6
  m_Component:
  - component: {fileID: 6569275656789170792}
  m_Layer: 2
  m_Name: Mano_R
  m_TagString: Untagged
  m_Icon: {fileID: 0}
  m_NavMeshLayer: 0
  m_StaticEditorFlags: 0
  m_IsActive: 1
--- !u!4 &6569275656789170792
Transform:
  m_ObjectHideFlags: 0
  m_CorrespondingSourceObject: {fileID: 0}
  m_PrefabInstance: {fileID: 0}
  m_PrefabAsset: {fileID: 0}
  m_GameObject: {fileID: 122863957551429598}
  m_LocalRotation: {x: 0.020752415, y: -0.013971214, z: 0.10081314, w: 0.9945908}
  m_LocalPosition: {x: 0.00000008242205, y: 0.2078356, z: -0.0000000055879354}
  m_LocalScale: {x: 1, y: 1, z: 1}
  m_Children:
  - {fileID: 8223089933084573300}
  - {fileID: 6875319036845218642}
  - {fileID: 9196067516450477865}
  - {fileID: 232804412997810825}
  - {fileID: 3749091836124186140}
  m_Father: {fileID: 7498908015444534250}
  m_RootOrder: 0
  m_LocalEulerAnglesHint: {x: 0, y: 0, z: 0}
--- !u!1 &293524094949020422
GameObject:
  m_ObjectHideFlags: 0
  m_CorrespondingSourceObject: {fileID: 0}
  m_PrefabInstance: {fileID: 0}
  m_PrefabAsset: {fileID: 0}
  serializedVersion: 6
  m_Component:
  - component: {fileID: 2178649859518067217}
  m_Layer: 2
  m_Name: Indice_03_R
  m_TagString: Untagged
  m_Icon: {fileID: 0}
  m_NavMeshLayer: 0
  m_StaticEditorFlags: 0
  m_IsActive: 1
--- !u!4 &2178649859518067217
Transform:
  m_ObjectHideFlags: 0
  m_CorrespondingSourceObject: {fileID: 0}
  m_PrefabInstance: {fileID: 0}
  m_PrefabAsset: {fileID: 0}
  m_GameObject: {fileID: 293524094949020422}
  m_LocalRotation: {x: 0.005254804, y: -0.005601273, z: -0.014554931, w: 0.9998646}
  m_LocalPosition: {x: 4.656613e-10, y: 0.0290588, z: -0.00000003958121}
  m_LocalScale: {x: 1, y: 0.9999999, z: 0.99999994}
  m_Children:
  - {fileID: 6855895489683671466}
  m_Father: {fileID: 3502464450092662211}
  m_RootOrder: 0
  m_LocalEulerAnglesHint: {x: 0, y: 0, z: 0}
--- !u!1 &357851704729717789
GameObject:
  m_ObjectHideFlags: 0
  m_CorrespondingSourceObject: {fileID: 0}
  m_PrefabInstance: {fileID: 0}
  m_PrefabAsset: {fileID: 0}
  serializedVersion: 6
  m_Component:
  - component: {fileID: 6416240057108707289}
  m_Layer: 2
  m_Name: Anulare_03_L
  m_TagString: Untagged
  m_Icon: {fileID: 0}
  m_NavMeshLayer: 0
  m_StaticEditorFlags: 0
  m_IsActive: 1
--- !u!4 &6416240057108707289
Transform:
  m_ObjectHideFlags: 0
  m_CorrespondingSourceObject: {fileID: 0}
  m_PrefabInstance: {fileID: 0}
  m_PrefabAsset: {fileID: 0}
  m_GameObject: {fileID: 357851704729717789}
  m_LocalRotation: {x: -0.02573615, y: 0.036021944, z: 0.038448635, w: 0.9982794}
  m_LocalPosition: {x: -0.000000018626451, y: 0.023656482, z: 0.000000002910383}
  m_LocalScale: {x: 1, y: 1, z: 1.0000001}
  m_Children:
  - {fileID: 520275229220593301}
  m_Father: {fileID: 8730897914165125328}
  m_RootOrder: 0
  m_LocalEulerAnglesHint: {x: 0, y: 0, z: 0}
--- !u!1 &415186211835589736
GameObject:
  m_ObjectHideFlags: 0
  m_CorrespondingSourceObject: {fileID: 0}
  m_PrefabInstance: {fileID: 0}
  m_PrefabAsset: {fileID: 0}
  serializedVersion: 6
  m_Component:
  - component: {fileID: 3316044390954380024}
  m_Layer: 2
  m_Name: Coscia_L
  m_TagString: Untagged
  m_Icon: {fileID: 0}
  m_NavMeshLayer: 0
  m_StaticEditorFlags: 0
  m_IsActive: 1
--- !u!4 &3316044390954380024
Transform:
  m_ObjectHideFlags: 0
  m_CorrespondingSourceObject: {fileID: 0}
  m_PrefabInstance: {fileID: 0}
  m_PrefabAsset: {fileID: 0}
  m_GameObject: {fileID: 415186211835589736}
  m_LocalRotation: {x: 0.9926193, y: -0.021682432, z: 0.003566969, w: 0.11926545}
  m_LocalPosition: {x: -0.098, y: 0.07081852, z: 0.025942279}
  m_LocalScale: {x: 1.0000001, y: 1, z: 1.0000026}
  m_Children:
  - {fileID: 6444529706092090679}
  - {fileID: 5692271206620589854}
  m_Father: {fileID: 8492466168537351521}
  m_RootOrder: 0
  m_LocalEulerAnglesHint: {x: 0, y: 0, z: 0}
--- !u!1 &488220236209423379
GameObject:
  m_ObjectHideFlags: 0
  m_CorrespondingSourceObject: {fileID: 0}
  m_PrefabInstance: {fileID: 0}
  m_PrefabAsset: {fileID: 0}
  serializedVersion: 6
  m_Component:
  - component: {fileID: 3502464450092662211}
  m_Layer: 2
  m_Name: Indice_02_R
  m_TagString: Untagged
  m_Icon: {fileID: 0}
  m_NavMeshLayer: 0
  m_StaticEditorFlags: 0
  m_IsActive: 1
--- !u!4 &3502464450092662211
Transform:
  m_ObjectHideFlags: 0
  m_CorrespondingSourceObject: {fileID: 0}
  m_PrefabInstance: {fileID: 0}
  m_PrefabAsset: {fileID: 0}
  m_GameObject: {fileID: 488220236209423379}
  m_LocalRotation: {x: 0.183983, y: -0.02435211, z: -0.092469774, w: 0.97826713}
  m_LocalPosition: {x: -0.000000011175871, y: 0.033081826, z: -0.00000001071021}
  m_LocalScale: {x: 1, y: 0.99999994, z: 1}
  m_Children:
  - {fileID: 2178649859518067217}
  m_Father: {fileID: 896867647148154325}
  m_RootOrder: 0
  m_LocalEulerAnglesHint: {x: 0, y: 0, z: 0}
--- !u!1 &887411211559784392
GameObject:
  m_ObjectHideFlags: 0
  m_CorrespondingSourceObject: {fileID: 0}
  m_PrefabInstance: {fileID: 0}
  m_PrefabAsset: {fileID: 0}
  serializedVersion: 6
  m_Component:
  - component: {fileID: 8548522148371624862}
  m_Layer: 2
  m_Name: Pollice_03_R
  m_TagString: Untagged
  m_Icon: {fileID: 0}
  m_NavMeshLayer: 0
  m_StaticEditorFlags: 0
  m_IsActive: 1
--- !u!4 &8548522148371624862
Transform:
  m_ObjectHideFlags: 0
  m_CorrespondingSourceObject: {fileID: 0}
  m_PrefabInstance: {fileID: 0}
  m_PrefabAsset: {fileID: 0}
  m_GameObject: {fileID: 887411211559784392}
  m_LocalRotation: {x: 0.08575818, y: 0.041291647, z: 0.16618347, w: 0.9814905}
  m_LocalPosition: {x: -0.000000013038516, y: 0.033339623, z: 0.000000074505806}
  m_LocalScale: {x: 1, y: 1, z: 0.99999994}
  m_Children:
  - {fileID: 1620727153017049428}
  m_Father: {fileID: 2390135074215878933}
  m_RootOrder: 0
  m_LocalEulerAnglesHint: {x: 0, y: 0, z: 0}
--- !u!1 &903709034437406266
GameObject:
  m_ObjectHideFlags: 0
  m_CorrespondingSourceObject: {fileID: 0}
  m_PrefabInstance: {fileID: 0}
  m_PrefabAsset: {fileID: 0}
  serializedVersion: 6
  m_Component:
  - component: {fileID: 505987551865532226}
  m_Layer: 2
  m_Name: Punta_L_end
  m_TagString: Untagged
  m_Icon: {fileID: 0}
  m_NavMeshLayer: 0
  m_StaticEditorFlags: 0
  m_IsActive: 1
--- !u!4 &505987551865532226
Transform:
  m_ObjectHideFlags: 0
  m_CorrespondingSourceObject: {fileID: 0}
  m_PrefabInstance: {fileID: 0}
  m_PrefabAsset: {fileID: 0}
  m_GameObject: {fileID: 903709034437406266}
  m_LocalRotation: {x: 0, y: -0, z: -0, w: 1}
  m_LocalPosition: {x: -0, y: 0.067200005, z: 0}
  m_LocalScale: {x: 1, y: 1, z: 1}
  m_Children: []
  m_Father: {fileID: 2909476773408195140}
  m_RootOrder: 0
  m_LocalEulerAnglesHint: {x: 0, y: 0, z: 0}
--- !u!1 &950517377091500543
GameObject:
  m_ObjectHideFlags: 0
  m_CorrespondingSourceObject: {fileID: 0}
  m_PrefabInstance: {fileID: 0}
  m_PrefabAsset: {fileID: 0}
  serializedVersion: 6
  m_Component:
  - component: {fileID: 5692271206620589854}
  m_Layer: 2
  m_Name: Stinco_L
  m_TagString: Untagged
  m_Icon: {fileID: 0}
  m_NavMeshLayer: 0
  m_StaticEditorFlags: 0
  m_IsActive: 1
--- !u!4 &5692271206620589854
Transform:
  m_ObjectHideFlags: 0
  m_CorrespondingSourceObject: {fileID: 0}
  m_PrefabInstance: {fileID: 0}
  m_PrefabAsset: {fileID: 0}
  m_GameObject: {fileID: 950517377091500543}
  m_LocalRotation: {x: 0.031990808, y: -0.0033588335, z: 0.016797714, w: 0.99934137}
  m_LocalPosition: {x: -0.000000008523784, y: 0.4089678, z: -4.5110937e-10}
  m_LocalScale: {x: 1, y: 0.9999999, z: 1.0000001}
  m_Children:
  - {fileID: 2371962551746387282}
  m_Father: {fileID: 3316044390954380024}
  m_RootOrder: 1
  m_LocalEulerAnglesHint: {x: 0, y: 0, z: 0}
--- !u!1 &1421879568843984298
GameObject:
  m_ObjectHideFlags: 0
  m_CorrespondingSourceObject: {fileID: 0}
  m_PrefabInstance: {fileID: 0}
  m_PrefabAsset: {fileID: 0}
  serializedVersion: 6
  m_Component:
  - component: {fileID: 2006562273312175022}
  m_Layer: 2
  m_Name: Pollice_01_L
  m_TagString: Untagged
  m_Icon: {fileID: 0}
  m_NavMeshLayer: 0
  m_StaticEditorFlags: 0
  m_IsActive: 1
--- !u!4 &2006562273312175022
Transform:
  m_ObjectHideFlags: 0
  m_CorrespondingSourceObject: {fileID: 0}
  m_PrefabInstance: {fileID: 0}
  m_PrefabAsset: {fileID: 0}
  m_GameObject: {fileID: 1421879568843984298}
  m_LocalRotation: {x: -0.00081277627, y: -0.71738213, z: -0.17446387, w: 0.674481}
  m_LocalPosition: {x: 0.004267713, y: -0.0034135533, z: 0.025397854}
  m_LocalScale: {x: 1, y: 1.0000001, z: 1}
  m_Children:
  - {fileID: 209370814187334247}
  m_Father: {fileID: 3294880959397316726}
  m_RootOrder: 1
  m_LocalEulerAnglesHint: {x: 0, y: 0, z: 0}
--- !u!1 &1441830096434401855
GameObject:
  m_ObjectHideFlags: 0
  m_CorrespondingSourceObject: {fileID: 0}
  m_PrefabInstance: {fileID: 0}
  m_PrefabAsset: {fileID: 0}
  serializedVersion: 6
  m_Component:
  - component: {fileID: 8184729293269964714}
  m_Layer: 2
  m_Name: Mano_L
  m_TagString: Untagged
  m_Icon: {fileID: 0}
  m_NavMeshLayer: 0
  m_StaticEditorFlags: 0
  m_IsActive: 1
--- !u!4 &8184729293269964714
Transform:
  m_ObjectHideFlags: 0
  m_CorrespondingSourceObject: {fileID: 0}
  m_PrefabInstance: {fileID: 0}
  m_PrefabAsset: {fileID: 0}
  m_GameObject: {fileID: 1441830096434401855}
  m_LocalRotation: {x: 0.020752415, y: 0.013971214, z: -0.10081314, w: 0.9945908}
  m_LocalPosition: {x: -0.00000008242205, y: 0.2078356, z: -0.0000000055879354}
  m_LocalScale: {x: 1, y: 1, z: 1}
  m_Children:
  - {fileID: 7527644687356675339}
  - {fileID: 3294880959397316726}
  - {fileID: 392741777952633636}
  - {fileID: 1898363119229084226}
  m_Father: {fileID: 5326166883627075759}
  m_RootOrder: 0
  m_LocalEulerAnglesHint: {x: 0, y: 0, z: 0}
--- !u!1 &1804950598605839697
GameObject:
  m_ObjectHideFlags: 0
  m_CorrespondingSourceObject: {fileID: 0}
  m_PrefabInstance: {fileID: 0}
  m_PrefabAsset: {fileID: 0}
  serializedVersion: 6
  m_Component:
  - component: {fileID: 5416758547272059102}
  m_Layer: 2
  m_Name: Petto
  m_TagString: Untagged
  m_Icon: {fileID: 0}
  m_NavMeshLayer: 0
  m_StaticEditorFlags: 0
  m_IsActive: 1
--- !u!4 &5416758547272059102
Transform:
  m_ObjectHideFlags: 0
  m_CorrespondingSourceObject: {fileID: 0}
  m_PrefabInstance: {fileID: 0}
  m_PrefabAsset: {fileID: 0}
  m_GameObject: {fileID: 1804950598605839697}
  m_LocalRotation: {x: 0.001627149, y: -0, z: -0, w: 0.9999987}
  m_LocalPosition: {x: -0, y: 0.1728875, z: 0}
  m_LocalScale: {x: 1, y: 1, z: 1}
  m_Children:
  - {fileID: 2462432574291148050}
  - {fileID: 350773723578599934}
  - {fileID: 894101262581001548}
  - {fileID: 1886921715657350927}
  m_Father: {fileID: 4395091703815112801}
  m_RootOrder: 0
  m_LocalEulerAnglesHint: {x: 0, y: 0, z: 0}
--- !u!1 &1979632203954819985
GameObject:
  m_ObjectHideFlags: 0
  m_CorrespondingSourceObject: {fileID: 0}
  m_PrefabInstance: {fileID: 0}
  m_PrefabAsset: {fileID: 0}
  serializedVersion: 6
  m_Component:
  - component: {fileID: 5326166883627075759}
  m_Layer: 2
  m_Name: Avambraccio_L
  m_TagString: Untagged
  m_Icon: {fileID: 0}
  m_NavMeshLayer: 0
  m_StaticEditorFlags: 0
  m_IsActive: 1
--- !u!4 &5326166883627075759
Transform:
  m_ObjectHideFlags: 0
  m_CorrespondingSourceObject: {fileID: 0}
  m_PrefabInstance: {fileID: 0}
  m_PrefabAsset: {fileID: 0}
  m_GameObject: {fileID: 1979632203954819985}
  m_LocalRotation: {x: 0.037504703, y: -0.08112531, z: -0.069631256, w: 0.993561}
  m_LocalPosition: {x: 0.00000002537854, y: 0.24559696, z: -0.0000000055879354}
  m_LocalScale: {x: 1, y: 1, z: 0.99999994}
  m_Children:
  - {fileID: 8184729293269964714}
  m_Father: {fileID: 6198127317219358979}
  m_RootOrder: 0
  m_LocalEulerAnglesHint: {x: 0, y: 0, z: 0}
--- !u!1 &2069426052679146585
GameObject:
  m_ObjectHideFlags: 0
  m_CorrespondingSourceObject: {fileID: 0}
  m_PrefabInstance: {fileID: 0}
  m_PrefabAsset: {fileID: 0}
  serializedVersion: 6
  m_Component:
  - component: {fileID: 2980487178171021824}
  m_Layer: 2
  m_Name: Cassa_end
  m_TagString: Untagged
  m_Icon: {fileID: 0}
  m_NavMeshLayer: 0
  m_StaticEditorFlags: 0
  m_IsActive: 1
--- !u!4 &2980487178171021824
Transform:
  m_ObjectHideFlags: 0
  m_CorrespondingSourceObject: {fileID: 0}
  m_PrefabInstance: {fileID: 0}
  m_PrefabAsset: {fileID: 0}
  m_GameObject: {fileID: 2069426052679146585}
  m_LocalRotation: {x: 0, y: -0, z: -0, w: 1}
  m_LocalPosition: {x: -0, y: 0.113912106, z: 0}
  m_LocalScale: {x: 1, y: 1, z: 1}
  m_Children: []
  m_Father: {fileID: 6444529706092090679}
  m_RootOrder: 0
  m_LocalEulerAnglesHint: {x: 0, y: 0, z: 0}
--- !u!1 &2111457287468385128
GameObject:
  m_ObjectHideFlags: 0
  m_CorrespondingSourceObject: {fileID: 0}
  m_PrefabInstance: {fileID: 0}
  m_PrefabAsset: {fileID: 0}
  serializedVersion: 6
  m_Component:
  - component: {fileID: 758131013319699090}
  m_Layer: 2
  m_Name: Anulare_01_L
  m_TagString: Untagged
  m_Icon: {fileID: 0}
  m_NavMeshLayer: 0
  m_StaticEditorFlags: 0
  m_IsActive: 1
--- !u!4 &758131013319699090
Transform:
  m_ObjectHideFlags: 0
  m_CorrespondingSourceObject: {fileID: 0}
  m_PrefabInstance: {fileID: 0}
  m_PrefabAsset: {fileID: 0}
  m_GameObject: {fileID: 2111457287468385128}
  m_LocalRotation: {x: 0.31965625, y: 0.030889226, z: 0.15983032, w: 0.9334453}
  m_LocalPosition: {x: -9.313226e-10, y: 0.07986907, z: 0.000000019244908}
  m_LocalScale: {x: 0.99999994, y: 1, z: 1}
  m_Children:
  - {fileID: 8730897914165125328}
  m_Father: {fileID: 7527644687356675339}
  m_RootOrder: 0
  m_LocalEulerAnglesHint: {x: 0, y: 0, z: 0}
--- !u!1 &2140758963085744618
GameObject:
  m_ObjectHideFlags: 0
  m_CorrespondingSourceObject: {fileID: 0}
  m_PrefabInstance: {fileID: 0}
  m_PrefabAsset: {fileID: 0}
  serializedVersion: 6
  m_Component:
  - component: {fileID: 9071456762088695987}
  m_Layer: 2
  m_Name: Mignolo_03_L
  m_TagString: Untagged
  m_Icon: {fileID: 0}
  m_NavMeshLayer: 0
  m_StaticEditorFlags: 0
  m_IsActive: 1
--- !u!4 &9071456762088695987
Transform:
  m_ObjectHideFlags: 0
  m_CorrespondingSourceObject: {fileID: 0}
  m_PrefabInstance: {fileID: 0}
  m_PrefabAsset: {fileID: 0}
  m_GameObject: {fileID: 2140758963085744618}
  m_LocalRotation: {x: -0.0015659429, y: -0.036329158, z: 0.076606795, w: 0.9963981}
  m_LocalPosition: {x: -0.000000018626451, y: 0.018141838, z: -0.000000009313226}
  m_LocalScale: {x: 0.99999994, y: 0.9999999, z: 0.9999998}
  m_Children:
  - {fileID: 2823920263375853257}
  m_Father: {fileID: 1759671611629865532}
  m_RootOrder: 0
  m_LocalEulerAnglesHint: {x: 0, y: 0, z: 0}
--- !u!1 &2188622297179534308
GameObject:
  m_ObjectHideFlags: 0
  m_CorrespondingSourceObject: {fileID: 0}
  m_PrefabInstance: {fileID: 0}
  m_PrefabAsset: {fileID: 0}
  serializedVersion: 6
  m_Component:
  - component: {fileID: 2823920263375853257}
  m_Layer: 2
  m_Name: Mignolo_03_L_end
  m_TagString: Untagged
  m_Icon: {fileID: 0}
  m_NavMeshLayer: 0
  m_StaticEditorFlags: 0
  m_IsActive: 1
--- !u!4 &2823920263375853257
Transform:
  m_ObjectHideFlags: 0
  m_CorrespondingSourceObject: {fileID: 0}
  m_PrefabInstance: {fileID: 0}
  m_PrefabAsset: {fileID: 0}
  m_GameObject: {fileID: 2188622297179534308}
  m_LocalRotation: {x: 0, y: -0, z: -0, w: 1}
  m_LocalPosition: {x: -0, y: 0.031911228, z: 0}
  m_LocalScale: {x: 1, y: 1, z: 1}
  m_Children: []
  m_Father: {fileID: 9071456762088695987}
  m_RootOrder: 0
  m_LocalEulerAnglesHint: {x: 0, y: 0, z: 0}
--- !u!1 &2276446782271024507
GameObject:
  m_ObjectHideFlags: 0
  m_CorrespondingSourceObject: {fileID: 0}
  m_PrefabInstance: {fileID: 0}
  m_PrefabAsset: {fileID: 0}
  serializedVersion: 6
  m_Component:
  - component: {fileID: 4217363076723481955}
  m_Layer: 2
  m_Name: Anulare_02_R
  m_TagString: Untagged
  m_Icon: {fileID: 0}
  m_NavMeshLayer: 0
  m_StaticEditorFlags: 0
  m_IsActive: 1
--- !u!4 &4217363076723481955
Transform:
  m_ObjectHideFlags: 0
  m_CorrespondingSourceObject: {fileID: 0}
  m_PrefabInstance: {fileID: 0}
  m_PrefabAsset: {fileID: 0}
  m_GameObject: {fileID: 2276446782271024507}
  m_LocalRotation: {x: 0.26979938, y: -0.013201261, z: -0.070796676, w: 0.9602197}
  m_LocalPosition: {x: -0.000000009313226, y: 0.041918438, z: -0.00000014249235}
  m_LocalScale: {x: 0.9999999, y: 1, z: 0.99999994}
  m_Children:
  - {fileID: 3556264932312356920}
  m_Father: {fileID: 7718925036486319143}
  m_RootOrder: 0
  m_LocalEulerAnglesHint: {x: 0, y: 0, z: 0}
--- !u!1 &2563256124213808163
GameObject:
  m_ObjectHideFlags: 0
  m_CorrespondingSourceObject: {fileID: 0}
  m_PrefabInstance: {fileID: 0}
  m_PrefabAsset: {fileID: 0}
  serializedVersion: 6
  m_Component:
  - component: {fileID: 209370814187334247}
  m_Layer: 2
  m_Name: Pollice_02_L
  m_TagString: Untagged
  m_Icon: {fileID: 0}
  m_NavMeshLayer: 0
  m_StaticEditorFlags: 0
  m_IsActive: 1
--- !u!4 &209370814187334247
Transform:
  m_ObjectHideFlags: 0
  m_CorrespondingSourceObject: {fileID: 0}
  m_PrefabInstance: {fileID: 0}
  m_PrefabAsset: {fileID: 0}
  m_GameObject: {fileID: 2563256124213808163}
  m_LocalRotation: {x: -0.09695971, y: -0.018332344, z: -0.0519876, w: 0.9937606}
  m_LocalPosition: {x: -0.000000016298145, y: 0.041744668, z: 0.000000026077032}
  m_LocalScale: {x: 0.99999994, y: 0.9999998, z: 0.9999999}
  m_Children:
  - {fileID: 1957804517014238626}
  m_Father: {fileID: 2006562273312175022}
  m_RootOrder: 0
  m_LocalEulerAnglesHint: {x: 0, y: 0, z: 0}
--- !u!1 &2570616723601040427
GameObject:
  m_ObjectHideFlags: 0
  m_CorrespondingSourceObject: {fileID: 0}
  m_PrefabInstance: {fileID: 0}
  m_PrefabAsset: {fileID: 0}
  serializedVersion: 6
  m_Component:
  - component: {fileID: 1559030477692604121}
  m_Layer: 2
  m_Name: Braccio_R
  m_TagString: Untagged
  m_Icon: {fileID: 0}
  m_NavMeshLayer: 0
  m_StaticEditorFlags: 0
  m_IsActive: 1
--- !u!4 &1559030477692604121
Transform:
  m_ObjectHideFlags: 0
  m_CorrespondingSourceObject: {fileID: 0}
  m_PrefabInstance: {fileID: 0}
  m_PrefabAsset: {fileID: 0}
  m_GameObject: {fileID: 2570616723601040427}
  m_LocalRotation: {x: -0.15355876, y: 0.6715576, z: -0.4990952, w: 0.5256749}
  m_LocalPosition: {x: 0.010515564, y: 0.17319584, z: -0.020381972}
  m_LocalScale: {x: 0.99999994, y: 0.99999994, z: 0.9999999}
  m_Children:
  - {fileID: 7498908015444534250}
  m_Father: {fileID: 894101262581001548}
  m_RootOrder: 0
  m_LocalEulerAnglesHint: {x: 0, y: 0, z: 0}
--- !u!1 &2624992994276386274
GameObject:
  m_ObjectHideFlags: 0
  m_CorrespondingSourceObject: {fileID: 0}
  m_PrefabInstance: {fileID: 0}
  m_PrefabAsset: {fileID: 0}
  serializedVersion: 6
  m_Component:
  - component: {fileID: 8032584593440083912}
  m_Layer: 2
  m_Name: Stinco_R
  m_TagString: Untagged
  m_Icon: {fileID: 0}
  m_NavMeshLayer: 0
  m_StaticEditorFlags: 0
  m_IsActive: 1
--- !u!4 &8032584593440083912
Transform:
  m_ObjectHideFlags: 0
  m_CorrespondingSourceObject: {fileID: 0}
  m_PrefabInstance: {fileID: 0}
  m_PrefabAsset: {fileID: 0}
  m_GameObject: {fileID: 2624992994276386274}
  m_LocalRotation: {x: 0.031990808, y: 0.0033588335, z: -0.016797714, w: 0.99934137}
  m_LocalPosition: {x: 0.000000008523784, y: 0.4089678, z: -4.5110937e-10}
  m_LocalScale: {x: 1, y: 0.9999999, z: 1.0000001}
  m_Children:
  - {fileID: 3039842659709001639}
  m_Father: {fileID: 703526921343505083}
  m_RootOrder: 0
  m_LocalEulerAnglesHint: {x: 0, y: 0, z: 0}
--- !u!1 &2653056057673668043
GameObject:
  m_ObjectHideFlags: 0
  m_CorrespondingSourceObject: {fileID: 0}
  m_PrefabInstance: {fileID: 0}
  m_PrefabAsset: {fileID: 0}
  serializedVersion: 6
  m_Component:
  - component: {fileID: 454046831950538283}
  m_Layer: 2
  m_Name: metarig
  m_TagString: Untagged
  m_Icon: {fileID: 0}
  m_NavMeshLayer: 0
  m_StaticEditorFlags: 0
  m_IsActive: 1
--- !u!4 &454046831950538283
Transform:
  m_ObjectHideFlags: 0
  m_CorrespondingSourceObject: {fileID: 0}
  m_PrefabInstance: {fileID: 0}
  m_PrefabAsset: {fileID: 0}
  m_GameObject: {fileID: 2653056057673668043}
  m_LocalRotation: {x: -0.7071068, y: -0, z: -0, w: 0.7071067}
  m_LocalPosition: {x: 0, y: 0.019968033, z: 0}
  m_LocalScale: {x: 1.4081842, y: 1.408184, z: 1.408184}
  m_Children:
  - {fileID: 8492466168537351521}
  m_Father: {fileID: 8721564526061375528}
  m_RootOrder: 1
  m_LocalEulerAnglesHint: {x: 0, y: 0, z: 0}
--- !u!1 &2710213698253803505
GameObject:
  m_ObjectHideFlags: 0
  m_CorrespondingSourceObject: {fileID: 0}
  m_PrefabInstance: {fileID: 0}
  m_PrefabAsset: {fileID: 0}
  serializedVersion: 6
  m_Component:
  - component: {fileID: 3556264932312356920}
  m_Layer: 2
  m_Name: Anulare_03_R
  m_TagString: Untagged
  m_Icon: {fileID: 0}
  m_NavMeshLayer: 0
  m_StaticEditorFlags: 0
  m_IsActive: 1
--- !u!4 &3556264932312356920
Transform:
  m_ObjectHideFlags: 0
  m_CorrespondingSourceObject: {fileID: 0}
  m_PrefabInstance: {fileID: 0}
  m_PrefabAsset: {fileID: 0}
  m_GameObject: {fileID: 2710213698253803505}
  m_LocalRotation: {x: -0.025736237, y: -0.03602194, z: -0.038448643, w: 0.9982794}
  m_LocalPosition: {x: 0.000000026077032, y: 0.023656273, z: -0.00000003678724}
  m_LocalScale: {x: 0.99999994, y: 1.0000001, z: 1}
  m_Children:
  - {fileID: 6950709164084667574}
  m_Father: {fileID: 4217363076723481955}
  m_RootOrder: 0
  m_LocalEulerAnglesHint: {x: 0, y: 0, z: 0}
--- !u!1 &2817501548234826085
GameObject:
  m_ObjectHideFlags: 0
  m_CorrespondingSourceObject: {fileID: 0}
  m_PrefabInstance: {fileID: 0}
  m_PrefabAsset: {fileID: 0}
  serializedVersion: 6
  m_Component:
  - component: {fileID: 703526921343505083}
  m_Layer: 2
  m_Name: Coscia_R
  m_TagString: Untagged
  m_Icon: {fileID: 0}
  m_NavMeshLayer: 0
  m_StaticEditorFlags: 0
  m_IsActive: 1
--- !u!4 &703526921343505083
Transform:
  m_ObjectHideFlags: 0
  m_CorrespondingSourceObject: {fileID: 0}
  m_PrefabInstance: {fileID: 0}
  m_PrefabAsset: {fileID: 0}
  m_GameObject: {fileID: 2817501548234826085}
  m_LocalRotation: {x: 0.9926193, y: 0.021682432, z: -0.003566969, w: 0.11926545}
  m_LocalPosition: {x: 0.098, y: 0.07081852, z: 0.025942279}
  m_LocalScale: {x: 1.0000001, y: 1, z: 1.0000026}
  m_Children:
  - {fileID: 8032584593440083912}
  m_Father: {fileID: 8492466168537351521}
  m_RootOrder: 1
  m_LocalEulerAnglesHint: {x: 0, y: 0, z: 0}
--- !u!1 &3094418007512755997
GameObject:
  m_ObjectHideFlags: 0
  m_CorrespondingSourceObject: {fileID: 0}
  m_PrefabInstance: {fileID: 0}
  m_PrefabAsset: {fileID: 0}
  serializedVersion: 6
  m_Component:
  - component: {fileID: 4761393822272425202}
  m_Layer: 2
  m_Name: Indice_03_L
  m_TagString: Untagged
  m_Icon: {fileID: 0}
  m_NavMeshLayer: 0
  m_StaticEditorFlags: 0
  m_IsActive: 1
--- !u!4 &4761393822272425202
Transform:
  m_ObjectHideFlags: 0
  m_CorrespondingSourceObject: {fileID: 0}
  m_PrefabInstance: {fileID: 0}
  m_PrefabAsset: {fileID: 0}
  m_GameObject: {fileID: 3094418007512755997}
  m_LocalRotation: {x: 0.005254804, y: 0.005601273, z: 0.014554931, w: 0.9998646}
  m_LocalPosition: {x: -4.656613e-10, y: 0.0290588, z: -0.00000003958121}
  m_LocalScale: {x: 1, y: 0.9999999, z: 0.99999994}
  m_Children:
  - {fileID: 3384126379716671676}
  m_Father: {fileID: 8901637144877344293}
  m_RootOrder: 0
  m_LocalEulerAnglesHint: {x: 0, y: 0, z: 0}
--- !u!1 &3144588395520085436
GameObject:
  m_ObjectHideFlags: 0
  m_CorrespondingSourceObject: {fileID: 0}
  m_PrefabInstance: {fileID: 0}
  m_PrefabAsset: {fileID: 0}
  serializedVersion: 6
  m_Component:
  - component: {fileID: 2371962551746387282}
  m_Layer: 2
  m_Name: Piede_L
  m_TagString: Untagged
  m_Icon: {fileID: 0}
  m_NavMeshLayer: 0
  m_StaticEditorFlags: 0
  m_IsActive: 1
--- !u!4 &2371962551746387282
Transform:
  m_ObjectHideFlags: 0
  m_CorrespondingSourceObject: {fileID: 0}
  m_PrefabInstance: {fileID: 0}
  m_PrefabAsset: {fileID: 0}
  m_GameObject: {fileID: 3144588395520085436}
  m_LocalRotation: {x: -0.517837, y: 0.020466648, z: -0.032891557, w: 0.85460174}
  m_LocalPosition: {x: -0.00000000782893, y: 0.5817407, z: -0.000000015017577}
  m_LocalScale: {x: 1.0000001, y: 1, z: 1}
  m_Children:
  - {fileID: 2909476773408195140}
  m_Father: {fileID: 5692271206620589854}
  m_RootOrder: 0
  m_LocalEulerAnglesHint: {x: 0, y: 0, z: 0}
--- !u!1 &3266845990980793109
GameObject:
  m_ObjectHideFlags: 0
  m_CorrespondingSourceObject: {fileID: 0}
  m_PrefabInstance: {fileID: 0}
  m_PrefabAsset: {fileID: 0}
  serializedVersion: 6
  m_Component:
  - component: {fileID: 6444529706092090679}
  m_Layer: 2
  m_Name: Cassa
  m_TagString: Untagged
  m_Icon: {fileID: 0}
  m_NavMeshLayer: 0
  m_StaticEditorFlags: 0
  m_IsActive: 1
--- !u!4 &6444529706092090679
Transform:
  m_ObjectHideFlags: 0
  m_CorrespondingSourceObject: {fileID: 0}
  m_PrefabInstance: {fileID: 0}
  m_PrefabAsset: {fileID: 0}
  m_GameObject: {fileID: 3266845990980793109}
  m_LocalRotation: {x: -0.71156883, y: 0.014954301, z: -0.016100187, w: 0.7022727}
  m_LocalPosition: {x: -0.14556748, y: 0.03156201, z: 0.05794913}
  m_LocalScale: {x: 1, y: 0.9999999, z: 0.99999994}
  m_Children:
  - {fileID: 2980487178171021824}
  m_Father: {fileID: 3316044390954380024}
  m_RootOrder: 0
  m_LocalEulerAnglesHint: {x: 0, y: 0, z: 0}
--- !u!1 &3294062787773521177
GameObject:
  m_ObjectHideFlags: 0
  m_CorrespondingSourceObject: {fileID: 0}
  m_PrefabInstance: {fileID: 0}
  m_PrefabAsset: {fileID: 0}
  serializedVersion: 6
  m_Component:
  - component: {fileID: 7718925036486319143}
  m_Layer: 2
  m_Name: Anulare_01_R
  m_TagString: Untagged
  m_Icon: {fileID: 0}
  m_NavMeshLayer: 0
  m_StaticEditorFlags: 0
  m_IsActive: 1
--- !u!4 &7718925036486319143
Transform:
  m_ObjectHideFlags: 0
  m_CorrespondingSourceObject: {fileID: 0}
  m_PrefabInstance: {fileID: 0}
  m_PrefabAsset: {fileID: 0}
  m_GameObject: {fileID: 3294062787773521177}
  m_LocalRotation: {x: 0.33037135, y: -0.030538708, z: -0.16480088, w: 0.9288503}
  m_LocalPosition: {x: 0.0007877536, y: 0.07984347, z: 0.0018657107}
  m_LocalScale: {x: 1, y: 1.0000001, z: 1}
  m_Children:
  - {fileID: 4217363076723481955}
  m_Father: {fileID: 8223089933084573300}
  m_RootOrder: 0
  m_LocalEulerAnglesHint: {x: 0, y: 0, z: 0}
--- !u!1 &3329509640406795214
GameObject:
  m_ObjectHideFlags: 0
  m_CorrespondingSourceObject: {fileID: 0}
  m_PrefabInstance: {fileID: 0}
  m_PrefabAsset: {fileID: 0}
  serializedVersion: 6
  m_Component:
  - component: {fileID: 9196067516450477865}
  m_Layer: 2
  m_Name: Palmo_Medio_R
  m_TagString: Untagged
  m_Icon: {fileID: 0}
  m_NavMeshLayer: 0
  m_StaticEditorFlags: 0
  m_IsActive: 1
--- !u!4 &9196067516450477865
Transform:
  m_ObjectHideFlags: 0
  m_CorrespondingSourceObject: {fileID: 0}
  m_PrefabInstance: {fileID: 0}
  m_PrefabAsset: {fileID: 0}
  m_GameObject: {fileID: 3329509640406795214}
  m_LocalRotation: {x: 0.11141496, y: 0.7078218, z: -0.015852721, w: 0.69736916}
  m_LocalPosition: {x: -0.0076750997, y: 0.041973773, z: 0.0061416104}
  m_LocalScale: {x: 1.0000001, y: 1.0000001, z: 1}
  m_Children:
  - {fileID: 8882780038638984191}
  m_Father: {fileID: 6569275656789170792}
  m_RootOrder: 2
  m_LocalEulerAnglesHint: {x: 0, y: 0, z: 0}
--- !u!1 &3359101000117738577
GameObject:
  m_ObjectHideFlags: 0
  m_CorrespondingSourceObject: {fileID: 0}
  m_PrefabInstance: {fileID: 0}
  m_PrefabAsset: {fileID: 0}
  serializedVersion: 6
  m_Component:
  - component: {fileID: 2966441302063713440}
  m_Layer: 2
  m_Name: Medio_03_R
  m_TagString: Untagged
  m_Icon: {fileID: 0}
  m_NavMeshLayer: 0
  m_StaticEditorFlags: 0
  m_IsActive: 1
--- !u!4 &2966441302063713440
Transform:
  m_ObjectHideFlags: 0
  m_CorrespondingSourceObject: {fileID: 0}
  m_PrefabInstance: {fileID: 0}
  m_PrefabAsset: {fileID: 0}
  m_GameObject: {fileID: 3359101000117738577}
  m_LocalRotation: {x: -0.0047995304, y: -0.13426518, z: -0.008609361, w: 0.99089646}
  m_LocalPosition: {x: 0.0000000023283064, y: 0.029515294, z: 0.000000008265488}
  m_LocalScale: {x: 1, y: 1, z: 1}
  m_Children:
  - {fileID: 6581820744744669640}
  m_Father: {fileID: 8133387183079128058}
  m_RootOrder: 0
  m_LocalEulerAnglesHint: {x: 0, y: 0, z: 0}
--- !u!1 &3425662228629998575
GameObject:
  m_ObjectHideFlags: 0
  m_CorrespondingSourceObject: {fileID: 0}
  m_PrefabInstance: {fileID: 0}
  m_PrefabAsset: {fileID: 0}
  serializedVersion: 6
  m_Component:
  - component: {fileID: 8721564526061375528}
  - component: {fileID: 1794184867602876384}
  - component: {fileID: 1210600507}
  - component: {fileID: 8300676126771298648}
  m_Layer: 2
  m_Name: Graphics
  m_TagString: Untagged
  m_Icon: {fileID: 0}
  m_NavMeshLayer: 0
  m_StaticEditorFlags: 0
  m_IsActive: 1
--- !u!4 &8721564526061375528
Transform:
  m_ObjectHideFlags: 0
  m_CorrespondingSourceObject: {fileID: 0}
  m_PrefabInstance: {fileID: 0}
  m_PrefabAsset: {fileID: 0}
  m_GameObject: {fileID: 3425662228629998575}
  m_LocalRotation: {x: 0, y: 0, z: 0, w: 1}
  m_LocalPosition: {x: 0, y: 0, z: 0}
  m_LocalScale: {x: 1, y: 1, z: 1}
  m_Children:
  - {fileID: 5667531695846258669}
  - {fileID: 454046831950538283}
  m_Father: {fileID: 9146540876050948715}
  m_RootOrder: 0
  m_LocalEulerAnglesHint: {x: 0, y: 0, z: 0}
--- !u!95 &1794184867602876384
Animator:
  serializedVersion: 3
  m_ObjectHideFlags: 0
  m_CorrespondingSourceObject: {fileID: 0}
  m_PrefabInstance: {fileID: 0}
  m_PrefabAsset: {fileID: 0}
  m_GameObject: {fileID: 3425662228629998575}
  m_Enabled: 1
  m_Avatar: {fileID: 0}
  m_Controller: {fileID: 9100000, guid: e9dde14235696f849b658fa66ead4fe7, type: 2}
  m_CullingMode: 0
  m_UpdateMode: 0
  m_ApplyRootMotion: 0
  m_LinearVelocityBlending: 0
  m_WarningMessage: 
  m_HasTransformHierarchy: 1
  m_AllowConstantClipSamplingOptimization: 1
  m_KeepAnimatorControllerStateOnDisable: 0
--- !u!82 &1210600507
AudioSource:
  m_ObjectHideFlags: 0
  m_CorrespondingSourceObject: {fileID: 0}
  m_PrefabInstance: {fileID: 0}
  m_PrefabAsset: {fileID: 0}
  m_GameObject: {fileID: 3425662228629998575}
  m_Enabled: 1
  serializedVersion: 4
  OutputAudioMixerGroup: {fileID: 9040216009501406669, guid: ebb3a4fcaa5889f44903c26f7b1c0159,
    type: 2}
  m_audioClip: {fileID: 0}
  m_PlayOnAwake: 1
  m_Volume: 1
  m_Pitch: 1
  Loop: 0
  Mute: 0
  Spatialize: 0
  SpatializePostEffects: 0
  Priority: 128
  DopplerLevel: 1
  MinDistance: 1
  MaxDistance: 500
  Pan2D: 0
  rolloffMode: 0
  BypassEffects: 0
  BypassListenerEffects: 0
  BypassReverbZones: 0
  rolloffCustomCurve:
    serializedVersion: 2
    m_Curve:
    - serializedVersion: 3
      time: 0
      value: 1
      inSlope: 0
      outSlope: 0
      tangentMode: 0
      weightedMode: 0
      inWeight: 0.33333334
      outWeight: 0.33333334
    - serializedVersion: 3
      time: 1
      value: 0
      inSlope: 0
      outSlope: 0
      tangentMode: 0
      weightedMode: 0
      inWeight: 0.33333334
      outWeight: 0.33333334
    m_PreInfinity: 2
    m_PostInfinity: 2
    m_RotationOrder: 4
  panLevelCustomCurve:
    serializedVersion: 2
    m_Curve:
    - serializedVersion: 3
      time: 0
      value: 0
      inSlope: 0
      outSlope: 0
      tangentMode: 0
      weightedMode: 0
      inWeight: 0.33333334
      outWeight: 0.33333334
    m_PreInfinity: 2
    m_PostInfinity: 2
    m_RotationOrder: 4
  spreadCustomCurve:
    serializedVersion: 2
    m_Curve:
    - serializedVersion: 3
      time: 0
      value: 0
      inSlope: 0
      outSlope: 0
      tangentMode: 0
      weightedMode: 0
      inWeight: 0.33333334
      outWeight: 0.33333334
    m_PreInfinity: 2
    m_PostInfinity: 2
    m_RotationOrder: 4
  reverbZoneMixCustomCurve:
    serializedVersion: 2
    m_Curve:
    - serializedVersion: 3
      time: 0
      value: 1
      inSlope: 0
      outSlope: 0
      tangentMode: 0
      weightedMode: 0
      inWeight: 0.33333334
      outWeight: 0.33333334
    m_PreInfinity: 2
    m_PostInfinity: 2
    m_RotationOrder: 4
--- !u!114 &8300676126771298648
MonoBehaviour:
  m_ObjectHideFlags: 0
  m_CorrespondingSourceObject: {fileID: 0}
  m_PrefabInstance: {fileID: 0}
  m_PrefabAsset: {fileID: 0}
  m_GameObject: {fileID: 3425662228629998575}
  m_Enabled: 1
  m_EditorHideFlags: 0
  m_Script: {fileID: 11500000, guid: de58a6fae9d606540a5510dbb2cfca53, type: 3}
  m_Name: 
  m_EditorClassIdentifier: 
  tileClips:
  - {fileID: 8300000, guid: b993df4a93c1d304ab19d8b2eb88c9a5, type: 3}
  - {fileID: 8300000, guid: 6fd6a0bfcd6035f45b094bcbf454c851, type: 3}
  - {fileID: 8300000, guid: 76ca37be67e011945a55c4d804b643b2, type: 3}
  grassClips:
  - {fileID: 8300000, guid: 551d550ab98e3cc4bb7793e752fe8628, type: 3}
  - {fileID: 8300000, guid: 9a30499e47789df48aa9bdb1ec7b0982, type: 3}
  - {fileID: 8300000, guid: 6aeefb601c305f64487cebdfacae5b6c, type: 3}
  SwordBack: {fileID: 6964178016109185241}
  SwordHand: {fileID: 1604707036566242843}
--- !u!1 &3425676710658172276
GameObject:
  m_ObjectHideFlags: 0
  m_CorrespondingSourceObject: {fileID: 0}
  m_PrefabInstance: {fileID: 0}
  m_PrefabAsset: {fileID: 0}
  serializedVersion: 6
  m_Component:
  - component: {fileID: 7527644687356675339}
  m_Layer: 2
  m_Name: Palmo_Anulare_L
  m_TagString: Untagged
  m_Icon: {fileID: 0}
  m_NavMeshLayer: 0
  m_StaticEditorFlags: 0
  m_IsActive: 1
--- !u!4 &7527644687356675339
Transform:
  m_ObjectHideFlags: 0
  m_CorrespondingSourceObject: {fileID: 0}
  m_PrefabInstance: {fileID: 0}
  m_PrefabAsset: {fileID: 0}
  m_GameObject: {fileID: 3425676710658172276}
  m_LocalRotation: {x: 0.084610224, y: -0.6932203, z: 0.05119145, w: 0.7139091}
  m_LocalPosition: {x: 0.0070163077, y: 0.04004613, z: -0.009242814}
  m_LocalScale: {x: 1, y: 1.0000001, z: 1}
  m_Children:
  - {fileID: 758131013319699090}
  m_Father: {fileID: 8184729293269964714}
  m_RootOrder: 0
  m_LocalEulerAnglesHint: {x: 0, y: 0, z: 0}
--- !u!1 &3480442946256588256
GameObject:
  m_ObjectHideFlags: 0
  m_CorrespondingSourceObject: {fileID: 0}
  m_PrefabInstance: {fileID: 0}
  m_PrefabAsset: {fileID: 0}
  serializedVersion: 6
  m_Component:
  - component: {fileID: 6198127317219358979}
  m_Layer: 2
  m_Name: Braccio_L
  m_TagString: Untagged
  m_Icon: {fileID: 0}
  m_NavMeshLayer: 0
  m_StaticEditorFlags: 0
  m_IsActive: 1
--- !u!4 &6198127317219358979
Transform:
  m_ObjectHideFlags: 0
  m_CorrespondingSourceObject: {fileID: 0}
  m_PrefabInstance: {fileID: 0}
  m_PrefabAsset: {fileID: 0}
  m_GameObject: {fileID: 3480442946256588256}
  m_LocalRotation: {x: -0.15355876, y: -0.6715576, z: 0.4990952, w: 0.5256749}
  m_LocalPosition: {x: -0.010515564, y: 0.17319584, z: -0.020381972}
  m_LocalScale: {x: 0.99999994, y: 0.99999994, z: 0.9999999}
  m_Children:
  - {fileID: 5326166883627075759}
  m_Father: {fileID: 350773723578599934}
  m_RootOrder: 0
  m_LocalEulerAnglesHint: {x: 0, y: 0, z: 0}
--- !u!1 &3491494808967816336
GameObject:
  m_ObjectHideFlags: 0
  m_CorrespondingSourceObject: {fileID: 0}
  m_PrefabInstance: {fileID: 0}
  m_PrefabAsset: {fileID: 0}
  serializedVersion: 6
  m_Component:
  - component: {fileID: 8561745831772323898}
  m_Layer: 2
  m_Name: Punta_R
  m_TagString: Untagged
  m_Icon: {fileID: 0}
  m_NavMeshLayer: 0
  m_StaticEditorFlags: 0
  m_IsActive: 1
--- !u!4 &8561745831772323898
Transform:
  m_ObjectHideFlags: 0
  m_CorrespondingSourceObject: {fileID: 0}
  m_PrefabInstance: {fileID: 0}
  m_PrefabAsset: {fileID: 0}
  m_GameObject: {fileID: 3491494808967816336}
  m_LocalRotation: {x: -0.000000057328432, y: 0.9612485, z: -0.27568325, w: -0.00000012208451}
  m_LocalPosition: {x: 0.0000000115816725, y: 0.12924527, z: -2.4681412e-10}
  m_LocalScale: {x: 1, y: 1, z: 0.99999994}
  m_Children:
  - {fileID: 1863460394418453190}
  m_Father: {fileID: 3039842659709001639}
  m_RootOrder: 0
  m_LocalEulerAnglesHint: {x: 0, y: 0, z: 0}
--- !u!1 &3700067375028842323
GameObject:
  m_ObjectHideFlags: 0
  m_CorrespondingSourceObject: {fileID: 0}
  m_PrefabInstance: {fileID: 0}
  m_PrefabAsset: {fileID: 0}
  serializedVersion: 6
  m_Component:
  - component: {fileID: 8882780038638984191}
  m_Layer: 2
  m_Name: Medio_01_R
  m_TagString: Untagged
  m_Icon: {fileID: 0}
  m_NavMeshLayer: 0
  m_StaticEditorFlags: 0
  m_IsActive: 1
--- !u!4 &8882780038638984191
Transform:
  m_ObjectHideFlags: 0
  m_CorrespondingSourceObject: {fileID: 0}
  m_PrefabInstance: {fileID: 0}
  m_PrefabAsset: {fileID: 0}
  m_GameObject: {fileID: 3700067375028842323}
  m_LocalRotation: {x: 0.3638226, y: 0.019682055, z: -0.10837751, w: 0.9249325}
  m_LocalPosition: {x: 0.000000006519258, y: 0.07929732, z: -0.000000029394869}
  m_LocalScale: {x: 1.0000001, y: 1, z: 1}
  m_Children:
  - {fileID: 8133387183079128058}
  m_Father: {fileID: 9196067516450477865}
  m_RootOrder: 0
  m_LocalEulerAnglesHint: {x: 0, y: 0, z: 0}
--- !u!1 &3879277717618440997
GameObject:
  m_ObjectHideFlags: 0
  m_CorrespondingSourceObject: {fileID: 0}
  m_PrefabInstance: {fileID: 0}
  m_PrefabAsset: {fileID: 0}
  serializedVersion: 6
  m_Component:
  - component: {fileID: 2462432574291148050}
  m_Layer: 2
  m_Name: Collo
  m_TagString: Untagged
  m_Icon: {fileID: 0}
  m_NavMeshLayer: 0
  m_StaticEditorFlags: 0
  m_IsActive: 1
--- !u!4 &2462432574291148050
Transform:
  m_ObjectHideFlags: 0
  m_CorrespondingSourceObject: {fileID: 0}
  m_PrefabInstance: {fileID: 0}
  m_PrefabAsset: {fileID: 0}
  m_GameObject: {fileID: 3879277717618440997}
  m_LocalRotation: {x: 0.21106915, y: -0, z: -0, w: 0.9774712}
  m_LocalPosition: {x: -0, y: 0.19257846, z: -9.313226e-10}
  m_LocalScale: {x: 1, y: 0.99999994, z: 0.99999994}
  m_Children:
  - {fileID: 1796884548696003325}
  m_Father: {fileID: 5416758547272059102}
  m_RootOrder: 0
  m_LocalEulerAnglesHint: {x: 0, y: 0, z: 0}
--- !u!1 &3927874233857250159
GameObject:
  m_ObjectHideFlags: 0
  m_CorrespondingSourceObject: {fileID: 0}
  m_PrefabInstance: {fileID: 0}
  m_PrefabAsset: {fileID: 0}
  serializedVersion: 6
  m_Component:
  - component: {fileID: 5681581299436649439}
  m_Layer: 2
  m_Name: Medio_01_L
  m_TagString: Untagged
  m_Icon: {fileID: 0}
  m_NavMeshLayer: 0
  m_StaticEditorFlags: 0
  m_IsActive: 1
--- !u!4 &5681581299436649439
Transform:
  m_ObjectHideFlags: 0
  m_CorrespondingSourceObject: {fileID: 0}
  m_PrefabInstance: {fileID: 0}
  m_PrefabAsset: {fileID: 0}
  m_GameObject: {fileID: 3927874233857250159}
  m_LocalRotation: {x: 0.3638226, y: -0.019682055, z: 0.10837751, w: 0.9249325}
  m_LocalPosition: {x: -0.000000006519258, y: 0.07929732, z: -0.000000029394869}
  m_LocalScale: {x: 1.0000001, y: 1, z: 1}
  m_Children:
  - {fileID: 2199731059628113957}
  m_Father: {fileID: 392741777952633636}
  m_RootOrder: 0
  m_LocalEulerAnglesHint: {x: 0, y: 0, z: 0}
--- !u!1 &4043376073540633321
GameObject:
  m_ObjectHideFlags: 0
  m_CorrespondingSourceObject: {fileID: 0}
  m_PrefabInstance: {fileID: 0}
  m_PrefabAsset: {fileID: 0}
  serializedVersion: 6
  m_Component:
  - component: {fileID: 333847838102639404}
  m_Layer: 2
  m_Name: Mignolo_01_L
  m_TagString: Untagged
  m_Icon: {fileID: 0}
  m_NavMeshLayer: 0
  m_StaticEditorFlags: 0
  m_IsActive: 1
--- !u!4 &333847838102639404
Transform:
  m_ObjectHideFlags: 0
  m_CorrespondingSourceObject: {fileID: 0}
  m_PrefabInstance: {fileID: 0}
  m_PrefabAsset: {fileID: 0}
  m_GameObject: {fileID: 4043376073540633321}
  m_LocalRotation: {x: 0.43314737, y: 0.08271637, z: 0.05126275, w: 0.8960544}
  m_LocalPosition: {x: -9.313226e-10, y: 0.077293694, z: 0.000000021362212}
  m_LocalScale: {x: 0.9999999, y: 1, z: 1}
  m_Children:
  - {fileID: 1759671611629865532}
  m_Father: {fileID: 1898363119229084226}
  m_RootOrder: 0
  m_LocalEulerAnglesHint: {x: 0, y: 0, z: 0}
--- !u!1 &4139321724144474694
GameObject:
  m_ObjectHideFlags: 0
  m_CorrespondingSourceObject: {fileID: 0}
  m_PrefabInstance: {fileID: 0}
  m_PrefabAsset: {fileID: 0}
  serializedVersion: 6
  m_Component:
  - component: {fileID: 3294880959397316726}
  m_Layer: 2
  m_Name: Palmo_Indice_L
  m_TagString: Untagged
  m_Icon: {fileID: 0}
  m_NavMeshLayer: 0
  m_StaticEditorFlags: 0
  m_IsActive: 1
--- !u!4 &3294880959397316726
Transform:
  m_ObjectHideFlags: 0
  m_CorrespondingSourceObject: {fileID: 0}
  m_PrefabInstance: {fileID: 0}
  m_PrefabAsset: {fileID: 0}
  m_GameObject: {fileID: 4139321724144474694}
  m_LocalRotation: {x: 0.13486555, y: -0.71711373, z: -0.0066675153, w: 0.6837505}
  m_LocalPosition: {x: 0.0051522097, y: 0.039411422, z: 0.022981443}
  m_LocalScale: {x: 1, y: 0.99999994, z: 1}
  m_Children:
  - {fileID: 7823224568657220313}
  - {fileID: 2006562273312175022}
  m_Father: {fileID: 8184729293269964714}
  m_RootOrder: 1
  m_LocalEulerAnglesHint: {x: 0, y: 0, z: 0}
--- !u!1 &4274026826516864988
GameObject:
  m_ObjectHideFlags: 0
  m_CorrespondingSourceObject: {fileID: 0}
  m_PrefabInstance: {fileID: 0}
  m_PrefabAsset: {fileID: 0}
  serializedVersion: 6
  m_Component:
  - component: {fileID: 6855895489683671466}
  m_Layer: 2
  m_Name: Indice_03_R_end
  m_TagString: Untagged
  m_Icon: {fileID: 0}
  m_NavMeshLayer: 0
  m_StaticEditorFlags: 0
  m_IsActive: 1
--- !u!4 &6855895489683671466
Transform:
  m_ObjectHideFlags: 0
  m_CorrespondingSourceObject: {fileID: 0}
  m_PrefabInstance: {fileID: 0}
  m_PrefabAsset: {fileID: 0}
  m_GameObject: {fileID: 4274026826516864988}
  m_LocalRotation: {x: 0, y: -0, z: -0, w: 1}
  m_LocalPosition: {x: -0, y: 0.030055314, z: 0}
  m_LocalScale: {x: 1, y: 1, z: 1}
  m_Children: []
  m_Father: {fileID: 2178649859518067217}
  m_RootOrder: 0
  m_LocalEulerAnglesHint: {x: 0, y: 0, z: 0}
--- !u!1 &4339798769269387183
GameObject:
  m_ObjectHideFlags: 0
  m_CorrespondingSourceObject: {fileID: 0}
  m_PrefabInstance: {fileID: 0}
  m_PrefabAsset: {fileID: 0}
  serializedVersion: 6
  m_Component:
  - component: {fileID: 6581820744744669640}
  m_Layer: 2
  m_Name: Medio_03_R_end
  m_TagString: Untagged
  m_Icon: {fileID: 0}
  m_NavMeshLayer: 0
  m_StaticEditorFlags: 0
  m_IsActive: 1
--- !u!4 &6581820744744669640
Transform:
  m_ObjectHideFlags: 0
  m_CorrespondingSourceObject: {fileID: 0}
  m_PrefabInstance: {fileID: 0}
  m_PrefabAsset: {fileID: 0}
  m_GameObject: {fileID: 4339798769269387183}
  m_LocalRotation: {x: 0, y: -0, z: -0, w: 1}
  m_LocalPosition: {x: -0, y: 0.027888626, z: 0}
  m_LocalScale: {x: 1, y: 1, z: 1}
  m_Children: []
  m_Father: {fileID: 2966441302063713440}
  m_RootOrder: 0
  m_LocalEulerAnglesHint: {x: 0, y: 0, z: 0}
--- !u!1 &4479775065279171147
GameObject:
  m_ObjectHideFlags: 0
  m_CorrespondingSourceObject: {fileID: 0}
  m_PrefabInstance: {fileID: 0}
  m_PrefabAsset: {fileID: 0}
  serializedVersion: 6
  m_Component:
  - component: {fileID: 1957804517014238626}
  m_Layer: 2
  m_Name: Pollice_03_L
  m_TagString: Untagged
  m_Icon: {fileID: 0}
  m_NavMeshLayer: 0
  m_StaticEditorFlags: 0
  m_IsActive: 1
--- !u!4 &1957804517014238626
Transform:
  m_ObjectHideFlags: 0
  m_CorrespondingSourceObject: {fileID: 0}
  m_PrefabInstance: {fileID: 0}
  m_PrefabAsset: {fileID: 0}
  m_GameObject: {fileID: 4479775065279171147}
  m_LocalRotation: {x: 0.08575818, y: -0.041291647, z: -0.16618347, w: 0.9814905}
  m_LocalPosition: {x: 0.000000013038516, y: 0.033339623, z: 0.000000074505806}
  m_LocalScale: {x: 1, y: 1, z: 0.99999994}
  m_Children:
  - {fileID: 2830007502205076449}
  m_Father: {fileID: 209370814187334247}
  m_RootOrder: 0
  m_LocalEulerAnglesHint: {x: 0, y: 0, z: 0}
--- !u!1 &4520826066196578309
GameObject:
  m_ObjectHideFlags: 0
  m_CorrespondingSourceObject: {fileID: 0}
  m_PrefabInstance: {fileID: 0}
  m_PrefabAsset: {fileID: 0}
  serializedVersion: 6
  m_Component:
  - component: {fileID: 4147330921754219238}
  m_Layer: 2
  m_Name: Mignolo_03_R
  m_TagString: Untagged
  m_Icon: {fileID: 0}
  m_NavMeshLayer: 0
  m_StaticEditorFlags: 0
  m_IsActive: 1
--- !u!4 &4147330921754219238
Transform:
  m_ObjectHideFlags: 0
  m_CorrespondingSourceObject: {fileID: 0}
  m_PrefabInstance: {fileID: 0}
  m_PrefabAsset: {fileID: 0}
  m_GameObject: {fileID: 4520826066196578309}
  m_LocalRotation: {x: -0.0015659429, y: 0.036329158, z: -0.076606795, w: 0.9963981}
  m_LocalPosition: {x: 0.000000018626451, y: 0.018141838, z: -0.000000009313226}
  m_LocalScale: {x: 0.99999994, y: 0.9999999, z: 0.9999998}
  m_Children:
  - {fileID: 6872143085965138672}
  m_Father: {fileID: 584855891419928825}
  m_RootOrder: 0
  m_LocalEulerAnglesHint: {x: 0, y: 0, z: 0}
--- !u!1 &4713969866111915980
GameObject:
  m_ObjectHideFlags: 0
  m_CorrespondingSourceObject: {fileID: 0}
  m_PrefabInstance: {fileID: 0}
  m_PrefabAsset: {fileID: 0}
  serializedVersion: 6
  m_Component:
  - component: {fileID: 7498908015444534250}
  m_Layer: 2
  m_Name: Avambraccio_R
  m_TagString: Untagged
  m_Icon: {fileID: 0}
  m_NavMeshLayer: 0
  m_StaticEditorFlags: 0
  m_IsActive: 1
--- !u!4 &7498908015444534250
Transform:
  m_ObjectHideFlags: 0
  m_CorrespondingSourceObject: {fileID: 0}
  m_PrefabInstance: {fileID: 0}
  m_PrefabAsset: {fileID: 0}
  m_GameObject: {fileID: 4713969866111915980}
  m_LocalRotation: {x: 0.037504703, y: 0.08112531, z: 0.069631256, w: 0.993561}
  m_LocalPosition: {x: -0.00000002537854, y: 0.24559696, z: -0.0000000055879354}
  m_LocalScale: {x: 1, y: 1, z: 0.99999994}
  m_Children:
  - {fileID: 6569275656789170792}
  m_Father: {fileID: 1559030477692604121}
  m_RootOrder: 0
  m_LocalEulerAnglesHint: {x: 0, y: 0, z: 0}
--- !u!1 &4916808722197693370
GameObject:
  m_ObjectHideFlags: 0
  m_CorrespondingSourceObject: {fileID: 0}
  m_PrefabInstance: {fileID: 0}
  m_PrefabAsset: {fileID: 0}
  serializedVersion: 6
  m_Component:
  - component: {fileID: 2390135074215878933}
  m_Layer: 2
  m_Name: Pollice_02_R
  m_TagString: Untagged
  m_Icon: {fileID: 0}
  m_NavMeshLayer: 0
  m_StaticEditorFlags: 0
  m_IsActive: 1
--- !u!4 &2390135074215878933
Transform:
  m_ObjectHideFlags: 0
  m_CorrespondingSourceObject: {fileID: 0}
  m_PrefabInstance: {fileID: 0}
  m_PrefabAsset: {fileID: 0}
  m_GameObject: {fileID: 4916808722197693370}
  m_LocalRotation: {x: -0.09695971, y: 0.018332344, z: 0.0519876, w: 0.9937606}
  m_LocalPosition: {x: 0.000000016298145, y: 0.041744668, z: 0.000000026077032}
  m_LocalScale: {x: 0.99999994, y: 0.9999998, z: 0.9999999}
  m_Children:
  - {fileID: 8548522148371624862}
  m_Father: {fileID: 3591340091698743144}
  m_RootOrder: 0
  m_LocalEulerAnglesHint: {x: 0, y: 0, z: 0}
--- !u!1 &5156364881141591998
GameObject:
  m_ObjectHideFlags: 0
  m_CorrespondingSourceObject: {fileID: 0}
  m_PrefabInstance: {fileID: 0}
  m_PrefabAsset: {fileID: 0}
  serializedVersion: 6
  m_Component:
  - component: {fileID: 520275229220593301}
  m_Layer: 2
  m_Name: Anulare_03_L_end
  m_TagString: Untagged
  m_Icon: {fileID: 0}
  m_NavMeshLayer: 0
  m_StaticEditorFlags: 0
  m_IsActive: 1
--- !u!4 &520275229220593301
Transform:
  m_ObjectHideFlags: 0
  m_CorrespondingSourceObject: {fileID: 0}
  m_PrefabInstance: {fileID: 0}
  m_PrefabAsset: {fileID: 0}
  m_GameObject: {fileID: 5156364881141591998}
  m_LocalRotation: {x: 0, y: -0, z: -0, w: 1}
  m_LocalPosition: {x: -0, y: 0.035988133, z: 0}
  m_LocalScale: {x: 1, y: 1, z: 1}
  m_Children: []
  m_Father: {fileID: 6416240057108707289}
  m_RootOrder: 0
  m_LocalEulerAnglesHint: {x: 0, y: 0, z: 0}
--- !u!1 &5725295478968753597
GameObject:
  m_ObjectHideFlags: 0
  m_CorrespondingSourceObject: {fileID: 0}
  m_PrefabInstance: {fileID: 0}
  m_PrefabAsset: {fileID: 0}
  serializedVersion: 6
  m_Component:
  - component: {fileID: 896867647148154325}
  m_Layer: 2
  m_Name: Indice_01_R
  m_TagString: Untagged
  m_Icon: {fileID: 0}
  m_NavMeshLayer: 0
  m_StaticEditorFlags: 0
  m_IsActive: 1
--- !u!4 &896867647148154325
Transform:
  m_ObjectHideFlags: 0
  m_CorrespondingSourceObject: {fileID: 0}
  m_PrefabInstance: {fileID: 0}
  m_PrefabAsset: {fileID: 0}
  m_GameObject: {fileID: 5725295478968753597}
  m_LocalRotation: {x: 0.040394805, y: 0.010866377, z: 0.0022682962, w: 0.99912214}
  m_LocalPosition: {x: 0.000000018626451, y: 0.07559848, z: -0.000000077532604}
  m_LocalScale: {x: 0.9999999, y: 0.9999998, z: 0.99999994}
  m_Children:
  - {fileID: 3502464450092662211}
  m_Father: {fileID: 6875319036845218642}
  m_RootOrder: 0
  m_LocalEulerAnglesHint: {x: 0, y: 0, z: 0}
--- !u!1 &5903624721790734554
GameObject:
  m_ObjectHideFlags: 0
  m_CorrespondingSourceObject: {fileID: 0}
  m_PrefabInstance: {fileID: 0}
  m_PrefabAsset: {fileID: 0}
  serializedVersion: 6
  m_Component:
  - component: {fileID: 6872143085965138672}
  m_Layer: 2
  m_Name: Mignolo_03_R_end
  m_TagString: Untagged
  m_Icon: {fileID: 0}
  m_NavMeshLayer: 0
  m_StaticEditorFlags: 0
  m_IsActive: 1
--- !u!4 &6872143085965138672
Transform:
  m_ObjectHideFlags: 0
  m_CorrespondingSourceObject: {fileID: 0}
  m_PrefabInstance: {fileID: 0}
  m_PrefabAsset: {fileID: 0}
  m_GameObject: {fileID: 5903624721790734554}
  m_LocalRotation: {x: 0, y: -0, z: -0, w: 1}
  m_LocalPosition: {x: -0, y: 0.031911228, z: 0}
  m_LocalScale: {x: 1, y: 1, z: 1}
  m_Children: []
  m_Father: {fileID: 4147330921754219238}
  m_RootOrder: 0
  m_LocalEulerAnglesHint: {x: 0, y: 0, z: 0}
--- !u!1 &5939581002393408808
GameObject:
  m_ObjectHideFlags: 0
  m_CorrespondingSourceObject: {fileID: 0}
  m_PrefabInstance: {fileID: 0}
  m_PrefabAsset: {fileID: 0}
  serializedVersion: 6
  m_Component:
  - component: {fileID: 8677438204635282425}
  m_Layer: 2
  m_Name: Pancia
  m_TagString: Untagged
  m_Icon: {fileID: 0}
  m_NavMeshLayer: 0
  m_StaticEditorFlags: 0
  m_IsActive: 1
--- !u!4 &8677438204635282425
Transform:
  m_ObjectHideFlags: 0
  m_CorrespondingSourceObject: {fileID: 0}
  m_PrefabInstance: {fileID: 0}
  m_PrefabAsset: {fileID: 0}
  m_GameObject: {fileID: 5939581002393408808}
  m_LocalRotation: {x: -0.0644764, y: 0, z: -0, w: 0.99791926}
  m_LocalPosition: {x: -0, y: 0.15221953, z: -0.000000014901161}
  m_LocalScale: {x: 1, y: 1, z: 0.99999994}
  m_Children:
  - {fileID: 4395091703815112801}
  m_Father: {fileID: 8492466168537351521}
  m_RootOrder: 2
  m_LocalEulerAnglesHint: {x: 0, y: 0, z: 0}
--- !u!1 &5955820171680338536
GameObject:
  m_ObjectHideFlags: 0
  m_CorrespondingSourceObject: {fileID: 0}
  m_PrefabInstance: {fileID: 0}
  m_PrefabAsset: {fileID: 0}
  serializedVersion: 6
  m_Component:
  - component: {fileID: 3591340091698743144}
  m_Layer: 2
  m_Name: Pollice_01_R
  m_TagString: Untagged
  m_Icon: {fileID: 0}
  m_NavMeshLayer: 0
  m_StaticEditorFlags: 0
  m_IsActive: 1
--- !u!4 &3591340091698743144
Transform:
  m_ObjectHideFlags: 0
  m_CorrespondingSourceObject: {fileID: 0}
  m_PrefabInstance: {fileID: 0}
  m_PrefabAsset: {fileID: 0}
  m_GameObject: {fileID: 5955820171680338536}
  m_LocalRotation: {x: -0.00081277627, y: 0.71738213, z: 0.17446387, w: 0.674481}
  m_LocalPosition: {x: -0.004267713, y: -0.0034135533, z: 0.025397854}
  m_LocalScale: {x: 1, y: 1.0000001, z: 1}
  m_Children:
  - {fileID: 2390135074215878933}
  m_Father: {fileID: 6875319036845218642}
  m_RootOrder: 1
  m_LocalEulerAnglesHint: {x: 0, y: 0, z: 0}
--- !u!1 &6242025137908610412
GameObject:
  m_ObjectHideFlags: 0
  m_CorrespondingSourceObject: {fileID: 0}
  m_PrefabInstance: {fileID: 0}
  m_PrefabAsset: {fileID: 0}
  serializedVersion: 6
  m_Component:
  - component: {fileID: 8722024834318645281}
  m_Layer: 2
  m_Name: Medio_03_L
  m_TagString: Untagged
  m_Icon: {fileID: 0}
  m_NavMeshLayer: 0
  m_StaticEditorFlags: 0
  m_IsActive: 1
--- !u!4 &8722024834318645281
Transform:
  m_ObjectHideFlags: 0
  m_CorrespondingSourceObject: {fileID: 0}
  m_PrefabInstance: {fileID: 0}
  m_PrefabAsset: {fileID: 0}
  m_GameObject: {fileID: 6242025137908610412}
  m_LocalRotation: {x: -0.0047995304, y: 0.13426518, z: 0.008609361, w: 0.99089646}
  m_LocalPosition: {x: -0.0000000023283064, y: 0.029515294, z: 0.000000008265488}
  m_LocalScale: {x: 1, y: 1, z: 1}
  m_Children:
  - {fileID: 5480522704963027055}
  m_Father: {fileID: 2199731059628113957}
  m_RootOrder: 0
  m_LocalEulerAnglesHint: {x: 0, y: 0, z: 0}
--- !u!1 &6295609008107818963
GameObject:
  m_ObjectHideFlags: 0
  m_CorrespondingSourceObject: {fileID: 0}
  m_PrefabInstance: {fileID: 0}
  m_PrefabAsset: {fileID: 0}
  serializedVersion: 6
  m_Component:
  - component: {fileID: 8492466168537351521}
  m_Layer: 2
  m_Name: Membro
  m_TagString: Untagged
  m_Icon: {fileID: 0}
  m_NavMeshLayer: 0
  m_StaticEditorFlags: 0
  m_IsActive: 1
--- !u!4 &8492466168537351521
Transform:
  m_ObjectHideFlags: 0
  m_CorrespondingSourceObject: {fileID: 0}
  m_PrefabInstance: {fileID: 0}
  m_PrefabAsset: {fileID: 0}
  m_GameObject: {fileID: 6295609008107818963}
  m_LocalRotation: {x: 0.79045546, y: 0, z: 0, w: 0.6125195}
  m_LocalPosition: {x: -0, y: 0.0552, z: 1.0099}
  m_LocalScale: {x: 1, y: 0.99999994, z: 0.9999999}
  m_Children:
  - {fileID: 3316044390954380024}
  - {fileID: 703526921343505083}
  - {fileID: 8677438204635282425}
  m_Father: {fileID: 454046831950538283}
  m_RootOrder: 0
  m_LocalEulerAnglesHint: {x: 0, y: 0, z: 0}
--- !u!1 &6347767263159336459
GameObject:
  m_ObjectHideFlags: 0
  m_CorrespondingSourceObject: {fileID: 0}
  m_PrefabInstance: {fileID: 0}
  m_PrefabAsset: {fileID: 0}
  serializedVersion: 6
  m_Component:
  - component: {fileID: 8495334010250464724}
  m_Layer: 2
  m_Name: Testa_Up_end
  m_TagString: Untagged
  m_Icon: {fileID: 0}
  m_NavMeshLayer: 0
  m_StaticEditorFlags: 0
  m_IsActive: 1
--- !u!4 &8495334010250464724
Transform:
  m_ObjectHideFlags: 0
  m_CorrespondingSourceObject: {fileID: 0}
  m_PrefabInstance: {fileID: 0}
  m_PrefabAsset: {fileID: 0}
  m_GameObject: {fileID: 6347767263159336459}
  m_LocalRotation: {x: 0, y: -0, z: -0, w: 1}
  m_LocalPosition: {x: -0, y: 0.2138325, z: 0}
  m_LocalScale: {x: 1, y: 1, z: 1}
  m_Children: []
  m_Father: {fileID: 116780574247697984}
  m_RootOrder: 0
  m_LocalEulerAnglesHint: {x: 0, y: 0, z: 0}
--- !u!1 &6371570086432261771
GameObject:
  m_ObjectHideFlags: 0
  m_CorrespondingSourceObject: {fileID: 0}
  m_PrefabInstance: {fileID: 0}
  m_PrefabAsset: {fileID: 0}
  serializedVersion: 6
  m_Component:
  - component: {fileID: 1759671611629865532}
  m_Layer: 2
  m_Name: Mignolo_02_L
  m_TagString: Untagged
  m_Icon: {fileID: 0}
  m_NavMeshLayer: 0
  m_StaticEditorFlags: 0
  m_IsActive: 1
--- !u!4 &1759671611629865532
Transform:
  m_ObjectHideFlags: 0
  m_CorrespondingSourceObject: {fileID: 0}
  m_PrefabInstance: {fileID: 0}
  m_PrefabAsset: {fileID: 0}
  m_GameObject: {fileID: 6371570086432261771}
  m_LocalRotation: {x: 0.23825547, y: 0.11341825, z: 0.17319585, w: 0.9488803}
  m_LocalPosition: {x: -0.000000005355105, y: 0.027998568, z: 0.000000063795596}
  m_LocalScale: {x: 0.9999999, y: 1, z: 0.9999999}
  m_Children:
  - {fileID: 9071456762088695987}
  m_Father: {fileID: 333847838102639404}
  m_RootOrder: 0
  m_LocalEulerAnglesHint: {x: 0, y: 0, z: 0}
--- !u!1 &6424355419735587143
GameObject:
  m_ObjectHideFlags: 0
  m_CorrespondingSourceObject: {fileID: 0}
  m_PrefabInstance: {fileID: 0}
  m_PrefabAsset: {fileID: 0}
  serializedVersion: 6
  m_Component:
  - component: {fileID: 584855891419928825}
  m_Layer: 2
  m_Name: Mignolo_02_R
  m_TagString: Untagged
  m_Icon: {fileID: 0}
  m_NavMeshLayer: 0
  m_StaticEditorFlags: 0
  m_IsActive: 1
--- !u!4 &584855891419928825
Transform:
  m_ObjectHideFlags: 0
  m_CorrespondingSourceObject: {fileID: 0}
  m_PrefabInstance: {fileID: 0}
  m_PrefabAsset: {fileID: 0}
  m_GameObject: {fileID: 6424355419735587143}
  m_LocalRotation: {x: 0.23825547, y: -0.11341825, z: -0.17319585, w: 0.9488803}
  m_LocalPosition: {x: 0.000000005355105, y: 0.027998568, z: 0.000000063795596}
  m_LocalScale: {x: 0.9999999, y: 1, z: 0.9999999}
  m_Children:
  - {fileID: 4147330921754219238}
  m_Father: {fileID: 9059073662325824475}
  m_RootOrder: 0
  m_LocalEulerAnglesHint: {x: 0, y: 0, z: 0}
--- !u!1 &6553102918522808187
GameObject:
  m_ObjectHideFlags: 0
  m_CorrespondingSourceObject: {fileID: 0}
  m_PrefabInstance: {fileID: 0}
  m_PrefabAsset: {fileID: 0}
  serializedVersion: 6
  m_Component:
  - component: {fileID: 8223089933084573300}
  m_Layer: 2
  m_Name: Palmo_Anulare_R
  m_TagString: Untagged
  m_Icon: {fileID: 0}
  m_NavMeshLayer: 0
  m_StaticEditorFlags: 0
  m_IsActive: 1
--- !u!4 &8223089933084573300
Transform:
  m_ObjectHideFlags: 0
  m_CorrespondingSourceObject: {fileID: 0}
  m_PrefabInstance: {fileID: 0}
  m_PrefabAsset: {fileID: 0}
  m_GameObject: {fileID: 6553102918522808187}
  m_LocalRotation: {x: 0.079679854, y: 0.6933014, z: -0.03957498, w: 0.71513504}
  m_LocalPosition: {x: -0.0070163077, y: 0.04004613, z: -0.009242814}
  m_LocalScale: {x: 0.99999994, y: 0.9999996, z: 0.9999998}
  m_Children:
  - {fileID: 7718925036486319143}
  m_Father: {fileID: 6569275656789170792}
  m_RootOrder: 0
  m_LocalEulerAnglesHint: {x: 0, y: 0, z: 0}
--- !u!1 &6740005724796346877
GameObject:
  m_ObjectHideFlags: 0
  m_CorrespondingSourceObject: {fileID: 0}
  m_PrefabInstance: {fileID: 0}
  m_PrefabAsset: {fileID: 0}
  serializedVersion: 6
  m_Component:
  - component: {fileID: 1796884548696003325}
  m_Layer: 2
  m_Name: Testa_Down
  m_TagString: Untagged
  m_Icon: {fileID: 0}
  m_NavMeshLayer: 0
  m_StaticEditorFlags: 0
  m_IsActive: 1
--- !u!4 &1796884548696003325
Transform:
  m_ObjectHideFlags: 0
  m_CorrespondingSourceObject: {fileID: 0}
  m_PrefabInstance: {fileID: 0}
  m_PrefabAsset: {fileID: 0}
  m_GameObject: {fileID: 6740005724796346877}
  m_LocalRotation: {x: -0.08186397, y: -0.00000011880916, z: 0.000000009758946, w: 0.99664354}
  m_LocalPosition: {x: -0, y: 0.063139856, z: -9.313226e-10}
  m_LocalScale: {x: 1, y: 1, z: 1}
  m_Children:
  - {fileID: 116780574247697984}
  m_Father: {fileID: 2462432574291148050}
  m_RootOrder: 0
  m_LocalEulerAnglesHint: {x: 0, y: 0, z: 0}
--- !u!1 &6781193162405624528
GameObject:
  m_ObjectHideFlags: 0
  m_CorrespondingSourceObject: {fileID: 0}
  m_PrefabInstance: {fileID: 0}
  m_PrefabAsset: {fileID: 0}
  serializedVersion: 6
  m_Component:
  - component: {fileID: 3039842659709001639}
  m_Layer: 2
  m_Name: Piede_R
  m_TagString: Untagged
  m_Icon: {fileID: 0}
  m_NavMeshLayer: 0
  m_StaticEditorFlags: 0
  m_IsActive: 1
--- !u!4 &3039842659709001639
Transform:
  m_ObjectHideFlags: 0
  m_CorrespondingSourceObject: {fileID: 0}
  m_PrefabInstance: {fileID: 0}
  m_PrefabAsset: {fileID: 0}
  m_GameObject: {fileID: 6781193162405624528}
  m_LocalRotation: {x: -0.517837, y: -0.020466648, z: 0.032891557, w: 0.85460174}
  m_LocalPosition: {x: 0.00000000782893, y: 0.5817407, z: -0.000000015017577}
  m_LocalScale: {x: 1.0000001, y: 1, z: 1}
  m_Children:
  - {fileID: 8561745831772323898}
  m_Father: {fileID: 8032584593440083912}
  m_RootOrder: 0
  m_LocalEulerAnglesHint: {x: 0, y: 0, z: 0}
--- !u!1 &6901465222177718189
GameObject:
  m_ObjectHideFlags: 0
  m_CorrespondingSourceObject: {fileID: 0}
  m_PrefabInstance: {fileID: 0}
  m_PrefabAsset: {fileID: 0}
  serializedVersion: 6
  m_Component:
  - component: {fileID: 8730897914165125328}
  m_Layer: 2
  m_Name: Anulare_02_L
  m_TagString: Untagged
  m_Icon: {fileID: 0}
  m_NavMeshLayer: 0
  m_StaticEditorFlags: 0
  m_IsActive: 1
--- !u!4 &8730897914165125328
Transform:
  m_ObjectHideFlags: 0
  m_CorrespondingSourceObject: {fileID: 0}
  m_PrefabInstance: {fileID: 0}
  m_PrefabAsset: {fileID: 0}
  m_GameObject: {fileID: 6901465222177718189}
  m_LocalRotation: {x: 0.26979926, y: 0.013201283, z: 0.070796676, w: 0.96021974}
  m_LocalPosition: {x: 0.000000018626451, y: 0.04191848, z: -0.00000003306195}
  m_LocalScale: {x: 0.9999999, y: 0.99999994, z: 0.99999994}
  m_Children:
  - {fileID: 6416240057108707289}
  m_Father: {fileID: 758131013319699090}
  m_RootOrder: 0
  m_LocalEulerAnglesHint: {x: 0, y: 0, z: 0}
--- !u!1 &6950422566982684462
GameObject:
  m_ObjectHideFlags: 0
  m_CorrespondingSourceObject: {fileID: 0}
  m_PrefabInstance: {fileID: 0}
  m_PrefabAsset: {fileID: 0}
  serializedVersion: 6
  m_Component:
  - component: {fileID: 1620727153017049428}
  m_Layer: 2
  m_Name: Pollice_03_R_end
  m_TagString: Untagged
  m_Icon: {fileID: 0}
  m_NavMeshLayer: 0
  m_StaticEditorFlags: 0
  m_IsActive: 1
--- !u!4 &1620727153017049428
Transform:
  m_ObjectHideFlags: 0
  m_CorrespondingSourceObject: {fileID: 0}
  m_PrefabInstance: {fileID: 0}
  m_PrefabAsset: {fileID: 0}
  m_GameObject: {fileID: 6950422566982684462}
  m_LocalRotation: {x: 0, y: -0, z: -0, w: 1}
  m_LocalPosition: {x: -0, y: 0.03793959, z: 0}
  m_LocalScale: {x: 1, y: 1, z: 1}
  m_Children: []
  m_Father: {fileID: 8548522148371624862}
  m_RootOrder: 0
  m_LocalEulerAnglesHint: {x: 0, y: 0, z: 0}
--- !u!1 &6955271209253222171
GameObject:
  m_ObjectHideFlags: 0
  m_CorrespondingSourceObject: {fileID: 0}
  m_PrefabInstance: {fileID: 0}
  m_PrefabAsset: {fileID: 0}
  serializedVersion: 6
  m_Component:
  - component: {fileID: 8133387183079128058}
  m_Layer: 2
  m_Name: Medio_02_R
  m_TagString: Untagged
  m_Icon: {fileID: 0}
  m_NavMeshLayer: 0
  m_StaticEditorFlags: 0
  m_IsActive: 1
--- !u!4 &8133387183079128058
Transform:
  m_ObjectHideFlags: 0
  m_CorrespondingSourceObject: {fileID: 0}
  m_PrefabInstance: {fileID: 0}
  m_PrefabAsset: {fileID: 0}
  m_GameObject: {fileID: 6955271209253222171}
  m_LocalRotation: {x: 0.04751608, y: 0.048224583, z: 0.009130927, w: 0.9976639}
  m_LocalPosition: {x: -0.000000010244548, y: 0.030782854, z: -0.000000026659109}
  m_LocalScale: {x: 0.9999999, y: 0.9999998, z: 1}
  m_Children:
  - {fileID: 2966441302063713440}
  m_Father: {fileID: 8882780038638984191}
  m_RootOrder: 0
  m_LocalEulerAnglesHint: {x: 0, y: 0, z: 0}
--- !u!1 &7035682304038121583
GameObject:
  m_ObjectHideFlags: 0
  m_CorrespondingSourceObject: {fileID: 0}
  m_PrefabInstance: {fileID: 0}
  m_PrefabAsset: {fileID: 0}
  serializedVersion: 6
  m_Component:
  - component: {fileID: 2830007502205076449}
  m_Layer: 2
  m_Name: Pollice_03_L_end
  m_TagString: Untagged
  m_Icon: {fileID: 0}
  m_NavMeshLayer: 0
  m_StaticEditorFlags: 0
  m_IsActive: 1
--- !u!4 &2830007502205076449
Transform:
  m_ObjectHideFlags: 0
  m_CorrespondingSourceObject: {fileID: 0}
  m_PrefabInstance: {fileID: 0}
  m_PrefabAsset: {fileID: 0}
  m_GameObject: {fileID: 7035682304038121583}
  m_LocalRotation: {x: 0, y: -0, z: -0, w: 1}
  m_LocalPosition: {x: -0, y: 0.03793959, z: 0}
  m_LocalScale: {x: 1, y: 1, z: 1}
  m_Children: []
  m_Father: {fileID: 1957804517014238626}
  m_RootOrder: 0
  m_LocalEulerAnglesHint: {x: 0, y: 0, z: 0}
--- !u!1 &7190057286847878096
GameObject:
  m_ObjectHideFlags: 0
  m_CorrespondingSourceObject: {fileID: 0}
  m_PrefabInstance: {fileID: 0}
  m_PrefabAsset: {fileID: 0}
  serializedVersion: 6
  m_Component:
  - component: {fileID: 894101262581001548}
  m_Layer: 2
  m_Name: Spalla_R
  m_TagString: Untagged
  m_Icon: {fileID: 0}
  m_NavMeshLayer: 0
  m_StaticEditorFlags: 0
  m_IsActive: 1
--- !u!4 &894101262581001548
Transform:
  m_ObjectHideFlags: 0
  m_CorrespondingSourceObject: {fileID: 0}
  m_PrefabInstance: {fileID: 0}
  m_PrefabAsset: {fileID: 0}
  m_GameObject: {fileID: 7190057286847878096}
  m_LocalRotation: {x: -0.623122, y: -0.31238353, z: -0.32174352, w: 0.6407938}
  m_LocalPosition: {x: 0.0183, y: 0.13722108, z: 0.07825094}
  m_LocalScale: {x: 1, y: 0.99999994, z: 0.99999994}
  m_Children:
  - {fileID: 1559030477692604121}
  m_Father: {fileID: 5416758547272059102}
  m_RootOrder: 2
  m_LocalEulerAnglesHint: {x: 0, y: 0, z: 0}
--- !u!1 &7328052399723299495
GameObject:
  m_ObjectHideFlags: 0
  m_CorrespondingSourceObject: {fileID: 0}
  m_PrefabInstance: {fileID: 0}
  m_PrefabAsset: {fileID: 0}
  serializedVersion: 6
  m_Component:
  - component: {fileID: 4344047905894542063}
  - component: {fileID: 620679950389609326}
  - component: {fileID: 5488078748340641043}
  m_Layer: 2
  m_Name: Camera
  m_TagString: Untagged
  m_Icon: {fileID: 0}
  m_NavMeshLayer: 0
  m_StaticEditorFlags: 0
  m_IsActive: 1
--- !u!4 &4344047905894542063
Transform:
  m_ObjectHideFlags: 0
  m_CorrespondingSourceObject: {fileID: 0}
  m_PrefabInstance: {fileID: 0}
  m_PrefabAsset: {fileID: 0}
  m_GameObject: {fileID: 7328052399723299495}
  m_LocalRotation: {x: 0.13052616, y: 0, z: 0, w: 0.9914449}
  m_LocalPosition: {x: 0, y: 1.75, z: 0}
  m_LocalScale: {x: 1, y: 1, z: 1}
  m_Children: []
  m_Father: {fileID: 9146540876050948715}
  m_RootOrder: 2
  m_LocalEulerAnglesHint: {x: 15, y: 0, z: 0}
--- !u!20 &620679950389609326
Camera:
  m_ObjectHideFlags: 0
  m_CorrespondingSourceObject: {fileID: 0}
  m_PrefabInstance: {fileID: 0}
  m_PrefabAsset: {fileID: 0}
  m_GameObject: {fileID: 7328052399723299495}
  m_Enabled: 1
  serializedVersion: 2
  m_ClearFlags: 1
  m_BackGroundColor: {r: 0.19215687, g: 0.3019608, b: 0.4745098, a: 0}
  m_projectionMatrixMode: 1
  m_GateFitMode: 2
  m_FOVAxisMode: 0
  m_SensorSize: {x: 36, y: 24}
  m_LensShift: {x: 0, y: 0}
  m_FocalLength: 50
  m_NormalizedViewPortRect:
    serializedVersion: 2
    x: 0
    y: 0
    width: 1
    height: 1
  near clip plane: 0.3
  far clip plane: 1000
  field of view: 60
  orthographic: 0
  orthographic size: 5
  m_Depth: 0
  m_CullingMask:
    serializedVersion: 2
    m_Bits: 4294967295
  m_RenderingPath: -1
  m_TargetTexture: {fileID: 0}
  m_TargetDisplay: 1
  m_TargetEye: 3
  m_HDR: 1
  m_AllowMSAA: 1
  m_AllowDynamicResolution: 0
  m_ForceIntoRT: 0
  m_OcclusionCulling: 1
  m_StereoConvergence: 10
  m_StereoSeparation: 0.022
--- !u!114 &5488078748340641043
MonoBehaviour:
  m_ObjectHideFlags: 0
  m_CorrespondingSourceObject: {fileID: 0}
  m_PrefabInstance: {fileID: 0}
  m_PrefabAsset: {fileID: 0}
  m_GameObject: {fileID: 7328052399723299495}
  m_Enabled: 1
  m_EditorHideFlags: 0
  m_Script: {fileID: 11500000, guid: a79441f348de89743a2939f4d699eac1, type: 3}
  m_Name: 
  m_EditorClassIdentifier: 
  m_RenderShadows: 1
  m_RequiresDepthTextureOption: 2
  m_RequiresOpaqueTextureOption: 2
  m_CameraType: 0
  m_Cameras: []
  m_RendererIndex: -1
  m_VolumeLayerMask:
    serializedVersion: 2
    m_Bits: 1
  m_VolumeTrigger: {fileID: 0}
  m_RenderPostProcessing: 0
  m_Antialiasing: 0
  m_AntialiasingQuality: 2
  m_StopNaN: 0
  m_Dithering: 0
  m_ClearDepth: 1
  m_RequiresDepthTexture: 0
  m_RequiresColorTexture: 0
  m_Version: 2
--- !u!1 &7517029904456534164
GameObject:
  m_ObjectHideFlags: 0
  m_CorrespondingSourceObject: {fileID: 0}
  m_PrefabInstance: {fileID: 0}
  m_PrefabAsset: {fileID: 0}
  serializedVersion: 6
  m_Component:
  - component: {fileID: 9059073662325824475}
  m_Layer: 2
  m_Name: Mignolo_01_R
  m_TagString: Untagged
  m_Icon: {fileID: 0}
  m_NavMeshLayer: 0
  m_StaticEditorFlags: 0
  m_IsActive: 1
--- !u!4 &9059073662325824475
Transform:
  m_ObjectHideFlags: 0
  m_CorrespondingSourceObject: {fileID: 0}
  m_PrefabInstance: {fileID: 0}
  m_PrefabAsset: {fileID: 0}
  m_GameObject: {fileID: 7517029904456534164}
  m_LocalRotation: {x: 0.43314737, y: -0.08271637, z: -0.05126275, w: 0.8960544}
  m_LocalPosition: {x: 9.313226e-10, y: 0.077293694, z: 0.000000021362212}
  m_LocalScale: {x: 0.9999999, y: 1, z: 1}
  m_Children:
  - {fileID: 584855891419928825}
  m_Father: {fileID: 232804412997810825}
  m_RootOrder: 0
  m_LocalEulerAnglesHint: {x: 0, y: 0, z: 0}
--- !u!1 &7602389788994715646
GameObject:
  m_ObjectHideFlags: 0
  m_CorrespondingSourceObject: {fileID: 0}
  m_PrefabInstance: {fileID: 0}
  m_PrefabAsset: {fileID: 0}
  serializedVersion: 6
  m_Component:
  - component: {fileID: 7823224568657220313}
  m_Layer: 2
  m_Name: Indice_01_L
  m_TagString: Untagged
  m_Icon: {fileID: 0}
  m_NavMeshLayer: 0
  m_StaticEditorFlags: 0
  m_IsActive: 1
--- !u!4 &7823224568657220313
Transform:
  m_ObjectHideFlags: 0
  m_CorrespondingSourceObject: {fileID: 0}
  m_PrefabInstance: {fileID: 0}
  m_PrefabAsset: {fileID: 0}
  m_GameObject: {fileID: 7602389788994715646}
  m_LocalRotation: {x: 0.040394805, y: -0.010866377, z: -0.0022682962, w: 0.99912214}
  m_LocalPosition: {x: -0.000000018626451, y: 0.07559848, z: -0.000000077532604}
  m_LocalScale: {x: 0.9999999, y: 0.9999998, z: 0.99999994}
  m_Children:
  - {fileID: 8901637144877344293}
  m_Father: {fileID: 3294880959397316726}
  m_RootOrder: 0
  m_LocalEulerAnglesHint: {x: 0, y: 0, z: 0}
--- !u!1 &7648139552951147374
GameObject:
  m_ObjectHideFlags: 0
  m_CorrespondingSourceObject: {fileID: 0}
  m_PrefabInstance: {fileID: 0}
  m_PrefabAsset: {fileID: 0}
  serializedVersion: 6
  m_Component:
  - component: {fileID: 392741777952633636}
  m_Layer: 2
  m_Name: Palmo_Medio_L
  m_TagString: Untagged
  m_Icon: {fileID: 0}
  m_NavMeshLayer: 0
  m_StaticEditorFlags: 0
  m_IsActive: 1
--- !u!4 &392741777952633636
Transform:
  m_ObjectHideFlags: 0
  m_CorrespondingSourceObject: {fileID: 0}
  m_PrefabInstance: {fileID: 0}
  m_PrefabAsset: {fileID: 0}
  m_GameObject: {fileID: 7648139552951147374}
  m_LocalRotation: {x: 0.11141496, y: -0.7078218, z: 0.015852721, w: 0.69736916}
  m_LocalPosition: {x: 0.0076750997, y: 0.041973773, z: 0.0061416104}
  m_LocalScale: {x: 1.0000001, y: 1.0000001, z: 1}
  m_Children:
  - {fileID: 5681581299436649439}
  m_Father: {fileID: 8184729293269964714}
  m_RootOrder: 2
  m_LocalEulerAnglesHint: {x: 0, y: 0, z: 0}
--- !u!1 &7756411991450052021
GameObject:
  m_ObjectHideFlags: 0
  m_CorrespondingSourceObject: {fileID: 0}
  m_PrefabInstance: {fileID: 0}
  m_PrefabAsset: {fileID: 0}
  serializedVersion: 6
  m_Component:
  - component: {fileID: 6950709164084667574}
  m_Layer: 2
  m_Name: Anulare_03_R_end
  m_TagString: Untagged
  m_Icon: {fileID: 0}
  m_NavMeshLayer: 0
  m_StaticEditorFlags: 0
  m_IsActive: 1
--- !u!4 &6950709164084667574
Transform:
  m_ObjectHideFlags: 0
  m_CorrespondingSourceObject: {fileID: 0}
  m_PrefabInstance: {fileID: 0}
  m_PrefabAsset: {fileID: 0}
  m_GameObject: {fileID: 7756411991450052021}
  m_LocalRotation: {x: 0, y: -0, z: -0, w: 1}
  m_LocalPosition: {x: -0, y: 0.035988133, z: 0}
  m_LocalScale: {x: 1, y: 1, z: 1}
  m_Children: []
  m_Father: {fileID: 3556264932312356920}
  m_RootOrder: 0
  m_LocalEulerAnglesHint: {x: 0, y: 0, z: 0}
--- !u!1 &7775104720515811447
GameObject:
  m_ObjectHideFlags: 0
  m_CorrespondingSourceObject: {fileID: 0}
  m_PrefabInstance: {fileID: 0}
  m_PrefabAsset: {fileID: 0}
  serializedVersion: 6
  m_Component:
  - component: {fileID: 2199731059628113957}
  m_Layer: 2
  m_Name: Medio_02_L
  m_TagString: Untagged
  m_Icon: {fileID: 0}
  m_NavMeshLayer: 0
  m_StaticEditorFlags: 0
  m_IsActive: 1
--- !u!4 &2199731059628113957
Transform:
  m_ObjectHideFlags: 0
  m_CorrespondingSourceObject: {fileID: 0}
  m_PrefabInstance: {fileID: 0}
  m_PrefabAsset: {fileID: 0}
  m_GameObject: {fileID: 7775104720515811447}
  m_LocalRotation: {x: 0.04751608, y: -0.048224583, z: -0.009130927, w: 0.9976639}
  m_LocalPosition: {x: 0.000000010244548, y: 0.030782854, z: -0.000000026659109}
  m_LocalScale: {x: 0.9999999, y: 0.9999998, z: 1}
  m_Children:
  - {fileID: 8722024834318645281}
  m_Father: {fileID: 5681581299436649439}
  m_RootOrder: 0
  m_LocalEulerAnglesHint: {x: 0, y: 0, z: 0}
--- !u!1 &7962795734128281492
GameObject:
  m_ObjectHideFlags: 0
  m_CorrespondingSourceObject: {fileID: 0}
  m_PrefabInstance: {fileID: 0}
  m_PrefabAsset: {fileID: 0}
  serializedVersion: 6
  m_Component:
  - component: {fileID: 5480522704963027055}
  m_Layer: 2
  m_Name: Medio_03_L_end
  m_TagString: Untagged
  m_Icon: {fileID: 0}
  m_NavMeshLayer: 0
  m_StaticEditorFlags: 0
  m_IsActive: 1
--- !u!4 &5480522704963027055
Transform:
  m_ObjectHideFlags: 0
  m_CorrespondingSourceObject: {fileID: 0}
  m_PrefabInstance: {fileID: 0}
  m_PrefabAsset: {fileID: 0}
  m_GameObject: {fileID: 7962795734128281492}
  m_LocalRotation: {x: 0, y: -0, z: -0, w: 1}
  m_LocalPosition: {x: -0, y: 0.027888626, z: 0}
  m_LocalScale: {x: 1, y: 1, z: 1}
  m_Children: []
  m_Father: {fileID: 8722024834318645281}
  m_RootOrder: 0
  m_LocalEulerAnglesHint: {x: 0, y: 0, z: 0}
--- !u!1 &8233322721354003582
GameObject:
  m_ObjectHideFlags: 0
  m_CorrespondingSourceObject: {fileID: 0}
  m_PrefabInstance: {fileID: 0}
  m_PrefabAsset: {fileID: 0}
  serializedVersion: 6
  m_Component:
  - component: {fileID: 1898363119229084226}
  m_Layer: 2
  m_Name: Palmo_Mignolo_L
  m_TagString: Untagged
  m_Icon: {fileID: 0}
  m_NavMeshLayer: 0
  m_StaticEditorFlags: 0
  m_IsActive: 1
--- !u!4 &1898363119229084226
Transform:
  m_ObjectHideFlags: 0
  m_CorrespondingSourceObject: {fileID: 0}
  m_PrefabInstance: {fileID: 0}
  m_PrefabAsset: {fileID: 0}
  m_GameObject: {fileID: 8233322721354003582}
  m_LocalRotation: {x: -0.013815263, y: -0.7010006, z: 0.04483598, w: 0.7116158}
  m_LocalPosition: {x: 0.0047462876, y: 0.035992824, z: -0.024112506}
  m_LocalScale: {x: 1.0000001, y: 1.0000001, z: 1}
  m_Children:
  - {fileID: 333847838102639404}
  m_Father: {fileID: 8184729293269964714}
  m_RootOrder: 3
  m_LocalEulerAnglesHint: {x: 0, y: 0, z: 0}
--- !u!1 &8253699818438459634
GameObject:
  m_ObjectHideFlags: 0
  m_CorrespondingSourceObject: {fileID: 0}
  m_PrefabInstance: {fileID: 0}
  m_PrefabAsset: {fileID: 0}
  serializedVersion: 6
  m_Component:
  - component: {fileID: 8901637144877344293}
  m_Layer: 2
  m_Name: Indice_02_L
  m_TagString: Untagged
  m_Icon: {fileID: 0}
  m_NavMeshLayer: 0
  m_StaticEditorFlags: 0
  m_IsActive: 1
--- !u!4 &8901637144877344293
Transform:
  m_ObjectHideFlags: 0
  m_CorrespondingSourceObject: {fileID: 0}
  m_PrefabInstance: {fileID: 0}
  m_PrefabAsset: {fileID: 0}
  m_GameObject: {fileID: 8253699818438459634}
  m_LocalRotation: {x: 0.183983, y: 0.02435211, z: 0.092469774, w: 0.97826713}
  m_LocalPosition: {x: 0.000000011175871, y: 0.033081826, z: -0.00000001071021}
  m_LocalScale: {x: 1, y: 0.99999994, z: 1}
  m_Children:
  - {fileID: 4761393822272425202}
  m_Father: {fileID: 7823224568657220313}
  m_RootOrder: 0
  m_LocalEulerAnglesHint: {x: 0, y: 0, z: 0}
--- !u!1 &8458885457290713694
GameObject:
  m_ObjectHideFlags: 0
  m_CorrespondingSourceObject: {fileID: 0}
  m_PrefabInstance: {fileID: 0}
  m_PrefabAsset: {fileID: 0}
  serializedVersion: 6
  m_Component:
  - component: {fileID: 232804412997810825}
  m_Layer: 2
  m_Name: Palmo_Mignolo_R
  m_TagString: Untagged
  m_Icon: {fileID: 0}
  m_NavMeshLayer: 0
  m_StaticEditorFlags: 0
  m_IsActive: 1
--- !u!4 &232804412997810825
Transform:
  m_ObjectHideFlags: 0
  m_CorrespondingSourceObject: {fileID: 0}
  m_PrefabInstance: {fileID: 0}
  m_PrefabAsset: {fileID: 0}
  m_GameObject: {fileID: 8458885457290713694}
  m_LocalRotation: {x: -0.013815263, y: 0.7010006, z: -0.04483598, w: 0.7116158}
  m_LocalPosition: {x: -0.0047462876, y: 0.035992824, z: -0.024112506}
  m_LocalScale: {x: 1.0000001, y: 1.0000001, z: 1}
  m_Children:
  - {fileID: 9059073662325824475}
  m_Father: {fileID: 6569275656789170792}
  m_RootOrder: 3
  m_LocalEulerAnglesHint: {x: 0, y: 0, z: 0}
--- !u!1 &8559775452249606255
GameObject:
  m_ObjectHideFlags: 0
  m_CorrespondingSourceObject: {fileID: 0}
  m_PrefabInstance: {fileID: 0}
  m_PrefabAsset: {fileID: 0}
  serializedVersion: 6
  m_Component:
  - component: {fileID: 3384126379716671676}
  m_Layer: 2
  m_Name: Indice_03_L_end
  m_TagString: Untagged
  m_Icon: {fileID: 0}
  m_NavMeshLayer: 0
  m_StaticEditorFlags: 0
  m_IsActive: 1
--- !u!4 &3384126379716671676
Transform:
  m_ObjectHideFlags: 0
  m_CorrespondingSourceObject: {fileID: 0}
  m_PrefabInstance: {fileID: 0}
  m_PrefabAsset: {fileID: 0}
  m_GameObject: {fileID: 8559775452249606255}
  m_LocalRotation: {x: 0, y: -0, z: -0, w: 1}
  m_LocalPosition: {x: -0, y: 0.030055314, z: 0}
  m_LocalScale: {x: 1, y: 1, z: 1}
  m_Children: []
  m_Father: {fileID: 4761393822272425202}
  m_RootOrder: 0
  m_LocalEulerAnglesHint: {x: 0, y: 0, z: 0}
--- !u!1 &8614703808780784359
GameObject:
  m_ObjectHideFlags: 0
  m_CorrespondingSourceObject: {fileID: 0}
  m_PrefabInstance: {fileID: 0}
  m_PrefabAsset: {fileID: 0}
  serializedVersion: 6
  m_Component:
  - component: {fileID: 350773723578599934}
  m_Layer: 2
  m_Name: Spalla_L
  m_TagString: Untagged
  m_Icon: {fileID: 0}
  m_NavMeshLayer: 0
  m_StaticEditorFlags: 0
  m_IsActive: 1
--- !u!4 &350773723578599934
Transform:
  m_ObjectHideFlags: 0
  m_CorrespondingSourceObject: {fileID: 0}
  m_PrefabInstance: {fileID: 0}
  m_PrefabAsset: {fileID: 0}
  m_GameObject: {fileID: 8614703808780784359}
  m_LocalRotation: {x: -0.623122, y: 0.31238353, z: 0.32174352, w: 0.6407938}
  m_LocalPosition: {x: -0.0183, y: 0.13722108, z: 0.07825094}
  m_LocalScale: {x: 1, y: 0.99999994, z: 0.99999994}
  m_Children:
  - {fileID: 6198127317219358979}
  m_Father: {fileID: 5416758547272059102}
  m_RootOrder: 1
  m_LocalEulerAnglesHint: {x: 0, y: 0, z: 0}
--- !u!1 &8656936250951483206
GameObject:
  m_ObjectHideFlags: 0
  m_CorrespondingSourceObject: {fileID: 0}
  m_PrefabInstance: {fileID: 0}
  m_PrefabAsset: {fileID: 0}
  serializedVersion: 6
  m_Component:
  - component: {fileID: 1863460394418453190}
  m_Layer: 2
  m_Name: Punta_R_end
  m_TagString: Untagged
  m_Icon: {fileID: 0}
  m_NavMeshLayer: 0
  m_StaticEditorFlags: 0
  m_IsActive: 1
--- !u!4 &1863460394418453190
Transform:
  m_ObjectHideFlags: 0
  m_CorrespondingSourceObject: {fileID: 0}
  m_PrefabInstance: {fileID: 0}
  m_PrefabAsset: {fileID: 0}
  m_GameObject: {fileID: 8656936250951483206}
  m_LocalRotation: {x: 0, y: -0, z: -0, w: 1}
  m_LocalPosition: {x: -0, y: 0.067200005, z: 0}
  m_LocalScale: {x: 1, y: 1, z: 1}
  m_Children: []
  m_Father: {fileID: 8561745831772323898}
  m_RootOrder: 0
  m_LocalEulerAnglesHint: {x: 0, y: 0, z: 0}
--- !u!1 &8765410562731562166
GameObject:
  m_ObjectHideFlags: 0
  m_CorrespondingSourceObject: {fileID: 0}
  m_PrefabInstance: {fileID: 0}
  m_PrefabAsset: {fileID: 0}
  serializedVersion: 6
  m_Component:
  - component: {fileID: 116780574247697984}
  m_Layer: 2
  m_Name: Testa_Up
  m_TagString: Untagged
  m_Icon: {fileID: 0}
  m_NavMeshLayer: 0
  m_StaticEditorFlags: 0
  m_IsActive: 1
--- !u!4 &116780574247697984
Transform:
  m_ObjectHideFlags: 0
  m_CorrespondingSourceObject: {fileID: 0}
  m_PrefabInstance: {fileID: 0}
  m_PrefabAsset: {fileID: 0}
  m_GameObject: {fileID: 8765410562731562166}
  m_LocalRotation: {x: -0.11616821, y: 0.000000118402205, z: 0.000000013848329, w: 0.99322957}
  m_LocalPosition: {x: -3.996803e-15, y: 0.05070136, z: -0.000000016763806}
  m_LocalScale: {x: 1, y: 0.99999994, z: 1}
  m_Children:
  - {fileID: 8495334010250464724}
  m_Father: {fileID: 1796884548696003325}
  m_RootOrder: 0
  m_LocalEulerAnglesHint: {x: 0, y: 0, z: 0}
--- !u!1 &8833959902755568183
GameObject:
  m_ObjectHideFlags: 0
  m_CorrespondingSourceObject: {fileID: 0}
  m_PrefabInstance: {fileID: 0}
  m_PrefabAsset: {fileID: 0}
  serializedVersion: 6
  m_Component:
  - component: {fileID: 6875319036845218642}
  m_Layer: 2
  m_Name: Palmo_Indice_R
  m_TagString: Untagged
  m_Icon: {fileID: 0}
  m_NavMeshLayer: 0
  m_StaticEditorFlags: 0
  m_IsActive: 1
--- !u!4 &6875319036845218642
Transform:
  m_ObjectHideFlags: 0
  m_CorrespondingSourceObject: {fileID: 0}
  m_PrefabInstance: {fileID: 0}
  m_PrefabAsset: {fileID: 0}
  m_GameObject: {fileID: 8833959902755568183}
  m_LocalRotation: {x: 0.13486555, y: 0.71711373, z: 0.0066675153, w: 0.6837505}
  m_LocalPosition: {x: -0.0051522097, y: 0.039411422, z: 0.022981443}
  m_LocalScale: {x: 1, y: 0.99999994, z: 1}
  m_Children:
  - {fileID: 896867647148154325}
  - {fileID: 3591340091698743144}
  m_Father: {fileID: 6569275656789170792}
  m_RootOrder: 1
  m_LocalEulerAnglesHint: {x: 0, y: 0, z: 0}
--- !u!1 &9083819088685580887
GameObject:
  m_ObjectHideFlags: 0
  m_CorrespondingSourceObject: {fileID: 0}
  m_PrefabInstance: {fileID: 0}
  m_PrefabAsset: {fileID: 0}
  serializedVersion: 6
  m_Component:
  - component: {fileID: 4395091703815112801}
  m_Layer: 2
  m_Name: Addome
  m_TagString: Untagged
  m_Icon: {fileID: 0}
  m_NavMeshLayer: 0
  m_StaticEditorFlags: 0
  m_IsActive: 1
--- !u!4 &4395091703815112801
Transform:
  m_ObjectHideFlags: 0
  m_CorrespondingSourceObject: {fileID: 0}
  m_PrefabInstance: {fileID: 0}
  m_PrefabAsset: {fileID: 0}
  m_GameObject: {fileID: 9083819088685580887}
  m_LocalRotation: {x: -0.077464156, y: 0, z: -0, w: 0.99699515}
  m_LocalPosition: {x: -0, y: 0.13663666, z: 0.0000000026193447}
  m_LocalScale: {x: 1, y: 0.99999994, z: 0.99999994}
  m_Children:
  - {fileID: 5416758547272059102}
  m_Father: {fileID: 8677438204635282425}
  m_RootOrder: 0
  m_LocalEulerAnglesHint: {x: 0, y: 0, z: 0}
--- !u!1 &9129149401892273100
GameObject:
  m_ObjectHideFlags: 0
  m_CorrespondingSourceObject: {fileID: 0}
  m_PrefabInstance: {fileID: 0}
  m_PrefabAsset: {fileID: 0}
  serializedVersion: 6
  m_Component:
  - component: {fileID: 2909476773408195140}
  m_Layer: 2
  m_Name: Punta_L
  m_TagString: Untagged
  m_Icon: {fileID: 0}
  m_NavMeshLayer: 0
  m_StaticEditorFlags: 0
  m_IsActive: 1
--- !u!4 &2909476773408195140
Transform:
  m_ObjectHideFlags: 0
  m_CorrespondingSourceObject: {fileID: 0}
  m_PrefabInstance: {fileID: 0}
  m_PrefabAsset: {fileID: 0}
  m_GameObject: {fileID: 9129149401892273100}
  m_LocalRotation: {x: 0.000000057328432, y: 0.9612485, z: -0.27568325, w: 0.00000012208451}
  m_LocalPosition: {x: -0.0000000115816725, y: 0.12924527, z: -2.4681412e-10}
  m_LocalScale: {x: 1, y: 1, z: 0.99999994}
  m_Children:
  - {fileID: 505987551865532226}
  m_Father: {fileID: 2371962551746387282}
  m_RootOrder: 0
  m_LocalEulerAnglesHint: {x: 0, y: 0, z: 0}
--- !u!1 &9146540875824710404
GameObject:
  m_ObjectHideFlags: 0
  m_CorrespondingSourceObject: {fileID: 0}
  m_PrefabInstance: {fileID: 0}
  m_PrefabAsset: {fileID: 0}
  serializedVersion: 6
  m_Component:
  - component: {fileID: 9146540875824710405}
  m_Layer: 0
  m_Name: Target
  m_TagString: CameraTarget
  m_Icon: {fileID: 0}
  m_NavMeshLayer: 0
  m_StaticEditorFlags: 0
  m_IsActive: 1
--- !u!4 &9146540875824710405
Transform:
  m_ObjectHideFlags: 0
  m_CorrespondingSourceObject: {fileID: 0}
  m_PrefabInstance: {fileID: 0}
  m_PrefabAsset: {fileID: 0}
  m_GameObject: {fileID: 9146540875824710404}
  m_LocalRotation: {x: 0, y: 0, z: 0, w: 1}
  m_LocalPosition: {x: 0, y: 2.6, z: 0}
  m_LocalScale: {x: 1, y: 1, z: 1}
  m_Children: []
  m_Father: {fileID: 9146540876050948715}
  m_RootOrder: 1
  m_LocalEulerAnglesHint: {x: 0, y: 0, z: 0}
--- !u!1 &9146540876050948714
GameObject:
  m_ObjectHideFlags: 0
  m_CorrespondingSourceObject: {fileID: 0}
  m_PrefabInstance: {fileID: 0}
  m_PrefabAsset: {fileID: 0}
  serializedVersion: 6
  m_Component:
  - component: {fileID: 9146540876050948715}
  - component: {fileID: 9146540876050948727}
  - component: {fileID: 9146540876050948726}
  - component: {fileID: 9146540876050948725}
  - component: {fileID: 9146540876050948724}
  - component: {fileID: 3677191167670328042}
  - component: {fileID: 6937845771671799286}
  - component: {fileID: 1209640005431288156}
  m_Layer: 2
  m_Name: Player
  m_TagString: Player
  m_Icon: {fileID: 0}
  m_NavMeshLayer: 0
  m_StaticEditorFlags: 0
  m_IsActive: 1
--- !u!4 &9146540876050948715
Transform:
  m_ObjectHideFlags: 0
  m_CorrespondingSourceObject: {fileID: 0}
  m_PrefabInstance: {fileID: 0}
  m_PrefabAsset: {fileID: 0}
  m_GameObject: {fileID: 9146540876050948714}
  m_LocalRotation: {x: 0, y: 0, z: 0, w: 1}
  m_LocalPosition: {x: 0, y: 0, z: 0}
  m_LocalScale: {x: 1, y: 1, z: 1}
  m_Children:
  - {fileID: 8721564526061375528}
  - {fileID: 9146540875824710405}
  - {fileID: 4344047905894542063}
  m_Father: {fileID: 0}
  m_RootOrder: 0
  m_LocalEulerAnglesHint: {x: 0, y: 0, z: 0}
--- !u!114 &9146540876050948727
MonoBehaviour:
  m_ObjectHideFlags: 0
  m_CorrespondingSourceObject: {fileID: 0}
  m_PrefabInstance: {fileID: 0}
  m_PrefabAsset: {fileID: 0}
  m_GameObject: {fileID: 9146540876050948714}
  m_Enabled: 1
  m_EditorHideFlags: 0
  m_Script: {fileID: 11500000, guid: 82c43ef0be7007b4a945b04dc5d84c27, type: 3}
  m_Name: 
  m_EditorClassIdentifier: 
  verticalOffset: 0
  height: 2.8
  crouchedHeightPercentage: 0.5
  radius: 0.5
--- !u!114 &9146540876050948726
MonoBehaviour:
  m_ObjectHideFlags: 0
  m_CorrespondingSourceObject: {fileID: 0}
  m_PrefabInstance: {fileID: 0}
  m_PrefabAsset: {fileID: 0}
  m_GameObject: {fileID: 9146540876050948714}
  m_Enabled: 1
  m_EditorHideFlags: 0
  m_Script: {fileID: 11500000, guid: 0bba846d4a9f87f4a8544240a447f905, type: 3}
  m_Name: 
  m_EditorClassIdentifier: 
  maxFloorAngle: 45
  preventMovingUpSteepSlope: 0
  canClimbSteps: 0
  maxStepHeight: 1
  contactOffset: 0.01
--- !u!114 &9146540876050948725
MonoBehaviour:
  m_ObjectHideFlags: 0
  m_CorrespondingSourceObject: {fileID: 0}
  m_PrefabInstance: {fileID: 0}
  m_PrefabAsset: {fileID: 0}
  m_GameObject: {fileID: 9146540876050948714}
  m_Enabled: 1
  m_EditorHideFlags: 0
  m_Script: {fileID: 11500000, guid: b91f99060df8d3244ad81b3c6448785b, type: 3}
  m_Name: 
  m_EditorClassIdentifier: 
  tolerance: 0.05
  raySpacing: 0.6
  maxRayDistance: 1
--- !u!114 &9146540876050948724
MonoBehaviour:
  m_ObjectHideFlags: 0
  m_CorrespondingSourceObject: {fileID: 0}
  m_PrefabInstance: {fileID: 0}
  m_PrefabAsset: {fileID: 0}
  m_GameObject: {fileID: 9146540876050948714}
  m_Enabled: 1
  m_EditorHideFlags: 0
  m_Script: {fileID: 11500000, guid: dec5012a0d979024186193468a90f879, type: 3}
  m_Name: 
  m_EditorClassIdentifier: 
  moveSpeed: 5
  runSpeedMultiplier: 4
  crouchSpeedMultiplier: 0.5
  dashDistance: 50
  dashTime: 0.8
  dashCD: 0.5
  jumpSpeed: 30
  rotationSpeed: 720
  gravity: -60
  anim: {fileID: 1794184867602876384}
--- !u!114 &3677191167670328042
MonoBehaviour:
  m_ObjectHideFlags: 0
  m_CorrespondingSourceObject: {fileID: 0}
  m_PrefabInstance: {fileID: 0}
  m_PrefabAsset: {fileID: 0}
  m_GameObject: {fileID: 9146540876050948714}
  m_Enabled: 1
  m_EditorHideFlags: 0
  m_Script: {fileID: 11500000, guid: 08a0c3b36ac90d94cb3f1b1996b77c35, type: 3}
  m_Name: 
  m_EditorClassIdentifier: 
  maxHealth: 100
  armor:
    baseValue: 0
  attackSpeed: 1
  attackCooldown: 0
  attackDelay: 0.6
  damage:
    baseValue: 5
  standbyCamera: {fileID: 4344047905894542063}
  focus: {fileID: 0}
--- !u!114 &6937845771671799286
MonoBehaviour:
  m_ObjectHideFlags: 0
  m_CorrespondingSourceObject: {fileID: 0}
  m_PrefabInstance: {fileID: 0}
  m_PrefabAsset: {fileID: 0}
  m_GameObject: {fileID: 9146540876050948714}
  m_Enabled: 1
  m_EditorHideFlags: 0
  m_Script: {fileID: 11500000, guid: a24e76e24a644f949a28750bfe5ca7aa, type: 3}
  m_Name: 
  m_EditorClassIdentifier: 
--- !u!114 &1209640005431288156
MonoBehaviour:
  m_ObjectHideFlags: 0
  m_CorrespondingSourceObject: {fileID: 0}
  m_PrefabInstance: {fileID: 0}
  m_PrefabAsset: {fileID: 0}
  m_GameObject: {fileID: 9146540876050948714}
  m_Enabled: 1
  m_EditorHideFlags: 0
  m_Script: {fileID: 11500000, guid: a6d1ac566dfcf3e4bb55680c1dcd6d13, type: 3}
  m_Name: 
  m_EditorClassIdentifier: 
  Sword: {fileID: 2181413488908737264}
  BaseMat: {fileID: 2100000, guid: d4ec4af43f1d61d4cbf58b4540ebfd74, type: 2}
  ActiveMat: {fileID: 2100000, guid: 2cb44a5f45fc00a488a0f16ff2bbcfa5, type: 2}
  visualEffect: {fileID: 8806655971001284234}
--- !u!1 &9197426825749993919
GameObject:
  m_ObjectHideFlags: 0
  m_CorrespondingSourceObject: {fileID: 0}
  m_PrefabInstance: {fileID: 0}
  m_PrefabAsset: {fileID: 0}
  serializedVersion: 6
  m_Component:
  - component: {fileID: 5667531695846258669}
  - component: {fileID: 7049125924847460485}
  m_Layer: 2
  m_Name: Body
  m_TagString: Untagged
  m_Icon: {fileID: 0}
  m_NavMeshLayer: 0
  m_StaticEditorFlags: 0
  m_IsActive: 1
--- !u!4 &5667531695846258669
Transform:
  m_ObjectHideFlags: 0
  m_CorrespondingSourceObject: {fileID: 0}
  m_PrefabInstance: {fileID: 0}
  m_PrefabAsset: {fileID: 0}
  m_GameObject: {fileID: 9197426825749993919}
  m_LocalRotation: {x: -0.68470997, y: 0.24649294, z: -0.17655683, w: 0.66275275}
  m_LocalPosition: {x: 0, y: 1.5403965, z: -0.026554821}
  m_LocalScale: {x: 0.071486644, y: 0.06515488, z: 0.20459834}
  m_Children: []
  m_Father: {fileID: 8721564526061375528}
  m_RootOrder: 0
  m_LocalEulerAnglesHint: {x: 0, y: 0, z: 0}
--- !u!137 &7049125924847460485
SkinnedMeshRenderer:
  m_ObjectHideFlags: 0
  m_CorrespondingSourceObject: {fileID: 0}
  m_PrefabInstance: {fileID: 0}
  m_PrefabAsset: {fileID: 0}
  m_GameObject: {fileID: 9197426825749993919}
  m_Enabled: 1
  m_CastShadows: 1
  m_ReceiveShadows: 1
  m_DynamicOccludee: 1
  m_MotionVectors: 1
  m_LightProbeUsage: 1
  m_ReflectionProbeUsage: 1
  m_RayTracingMode: 0
  m_RenderingLayerMask: 1
  m_RendererPriority: 0
  m_Materials:
  - {fileID: 2100000, guid: 6595a1b9a871fc941bab920da416831f, type: 2}
  - {fileID: 2100000, guid: 862bb96203eec05448d34f5b2791dc13, type: 2}
  - {fileID: 2100000, guid: 8b24a5fbb8c530d4386c0e36506bb416, type: 2}
  - {fileID: 2100000, guid: 6595a1b9a871fc941bab920da416831f, type: 2}
  - {fileID: 2100000, guid: 82d233cbae4691c4480c2d6332e8582d, type: 2}
  - {fileID: 2100000, guid: 6595a1b9a871fc941bab920da416831f, type: 2}
  - {fileID: 2100000, guid: 40c67fd4369186e4f895bb99460ebf8d, type: 2}
  - {fileID: 2100000, guid: 6595a1b9a871fc941bab920da416831f, type: 2}
  - {fileID: 2100000, guid: 8b24a5fbb8c530d4386c0e36506bb416, type: 2}
  - {fileID: 2100000, guid: 37402b3b3cc00b047b2a47d9ba5a1cd4, type: 2}
  - {fileID: 2100000, guid: aa3e882126cb7c843b647eb0ad36979e, type: 2}
  - {fileID: 2100000, guid: 6595a1b9a871fc941bab920da416831f, type: 2}
  - {fileID: 2100000, guid: 5bbe78bd4c66c494c8b029f42a22a4f4, type: 2}
  m_StaticBatchInfo:
    firstSubMesh: 0
    subMeshCount: 0
  m_StaticBatchRoot: {fileID: 0}
  m_ProbeAnchor: {fileID: 0}
  m_LightProbeVolumeOverride: {fileID: 0}
  m_ScaleInLightmap: 1
  m_ReceiveGI: 1
  m_PreserveUVs: 0
  m_IgnoreNormalsForChartDetection: 0
  m_ImportantGI: 0
  m_StitchLightmapSeams: 1
  m_SelectedEditorRenderState: 3
  m_MinimumChartSize: 4
  m_AutoUVMaxDistance: 0.5
  m_AutoUVMaxAngle: 89
  m_LightmapParameters: {fileID: 0}
  m_SortingLayerID: 0
  m_SortingLayer: 0
  m_SortingOrder: 0
  serializedVersion: 2
  m_Quality: 0
  m_UpdateWhenOffscreen: 0
  m_SkinnedMotionVectors: 1
  m_Mesh: {fileID: 2959467708922500008, guid: 82248d7c0c87b394dbf811c16c14c22e, type: 3}
  m_Bones:
  - {fileID: 8492466168537351521}
  - {fileID: 8677438204635282425}
  - {fileID: 4395091703815112801}
  - {fileID: 5416758547272059102}
  - {fileID: 2462432574291148050}
  - {fileID: 1796884548696003325}
  - {fileID: 116780574247697984}
  - {fileID: 350773723578599934}
  - {fileID: 6198127317219358979}
  - {fileID: 5326166883627075759}
  - {fileID: 8184729293269964714}
  - {fileID: 3294880959397316726}
  - {fileID: 7823224568657220313}
  - {fileID: 8901637144877344293}
  - {fileID: 4761393822272425202}
  - {fileID: 2006562273312175022}
  - {fileID: 209370814187334247}
  - {fileID: 1957804517014238626}
  - {fileID: 392741777952633636}
  - {fileID: 5681581299436649439}
  - {fileID: 2199731059628113957}
  - {fileID: 8722024834318645281}
  - {fileID: 7527644687356675339}
  - {fileID: 758131013319699090}
  - {fileID: 8730897914165125328}
  - {fileID: 6416240057108707289}
  - {fileID: 1898363119229084226}
  - {fileID: 333847838102639404}
  - {fileID: 1759671611629865532}
  - {fileID: 9071456762088695987}
  - {fileID: 894101262581001548}
  - {fileID: 1559030477692604121}
  - {fileID: 7498908015444534250}
  - {fileID: 6569275656789170792}
  - {fileID: 6875319036845218642}
  - {fileID: 896867647148154325}
  - {fileID: 3502464450092662211}
  - {fileID: 2178649859518067217}
  - {fileID: 3591340091698743144}
  - {fileID: 2390135074215878933}
  - {fileID: 8548522148371624862}
  - {fileID: 9196067516450477865}
  - {fileID: 8882780038638984191}
  - {fileID: 8133387183079128058}
  - {fileID: 2966441302063713440}
  - {fileID: 8223089933084573300}
  - {fileID: 7718925036486319143}
  - {fileID: 4217363076723481955}
  - {fileID: 3556264932312356920}
  - {fileID: 232804412997810825}
  - {fileID: 9059073662325824475}
  - {fileID: 584855891419928825}
  - {fileID: 4147330921754219238}
  - {fileID: 3316044390954380024}
  - {fileID: 5692271206620589854}
  - {fileID: 2371962551746387282}
  - {fileID: 2909476773408195140}
  - {fileID: 6444529706092090679}
  - {fileID: 703526921343505083}
  - {fileID: 8032584593440083912}
  - {fileID: 3039842659709001639}
  - {fileID: 8561745831772323898}
  m_BlendShapeWeights: []
  m_RootBone: {fileID: 8492466168537351521}
  m_AABB:
    m_Center: {x: 0.000000029802322, y: -0.027219415, z: 0.05313076}
    m_Extent: {x: 0.58686316, y: 1.0280021, z: 0.41302574}
  m_DirtyAABB: 0
--- !u!1001 &727103665594615001
PrefabInstance:
  m_ObjectHideFlags: 0
  serializedVersion: 2
  m_Modification:
    m_TransformParent: {fileID: 6569275656789170792}
    m_Modifications:
    - target: {fileID: 2040729187601285826, guid: fe6c16f56c075f74c86c7439513e61a2,
        type: 3}
      propertyPath: m_Name
      value: Sword_VGActive
      objectReference: {fileID: 0}
    - target: {fileID: 2040729187601285826, guid: fe6c16f56c075f74c86c7439513e61a2,
        type: 3}
      propertyPath: m_IsActive
      value: 0
      objectReference: {fileID: 0}
    - target: {fileID: 4472148952574657221, guid: fe6c16f56c075f74c86c7439513e61a2,
        type: 3}
      propertyPath: m_RootOrder
      value: 4
      objectReference: {fileID: 0}
    - target: {fileID: 4472148952574657221, guid: fe6c16f56c075f74c86c7439513e61a2,
        type: 3}
      propertyPath: m_LocalPosition.x
      value: 0.039
      objectReference: {fileID: 0}
    - target: {fileID: 4472148952574657221, guid: fe6c16f56c075f74c86c7439513e61a2,
        type: 3}
      propertyPath: m_LocalPosition.y
      value: 0.12
      objectReference: {fileID: 0}
    - target: {fileID: 4472148952574657221, guid: fe6c16f56c075f74c86c7439513e61a2,
        type: 3}
      propertyPath: m_LocalPosition.z
      value: -0.018
      objectReference: {fileID: 0}
    - target: {fileID: 4472148952574657221, guid: fe6c16f56c075f74c86c7439513e61a2,
        type: 3}
      propertyPath: m_LocalRotation.w
      value: 0.06653104
      objectReference: {fileID: 0}
    - target: {fileID: 4472148952574657221, guid: fe6c16f56c075f74c86c7439513e61a2,
        type: 3}
      propertyPath: m_LocalRotation.x
      value: 0.9959873
      objectReference: {fileID: 0}
    - target: {fileID: 4472148952574657221, guid: fe6c16f56c075f74c86c7439513e61a2,
        type: 3}
      propertyPath: m_LocalRotation.y
      value: 0.059390802
      objectReference: {fileID: 0}
    - target: {fileID: 4472148952574657221, guid: fe6c16f56c075f74c86c7439513e61a2,
        type: 3}
      propertyPath: m_LocalRotation.z
      value: 0.0074605118
      objectReference: {fileID: 0}
    - target: {fileID: 4472148952574657221, guid: fe6c16f56c075f74c86c7439513e61a2,
        type: 3}
      propertyPath: m_LocalEulerAnglesHint.x
      value: 7.564
      objectReference: {fileID: 0}
    - target: {fileID: 4472148952574657221, guid: fe6c16f56c075f74c86c7439513e61a2,
        type: 3}
      propertyPath: m_LocalEulerAnglesHint.y
      value: 178.684
      objectReference: {fileID: 0}
    - target: {fileID: 4472148952574657221, guid: fe6c16f56c075f74c86c7439513e61a2,
        type: 3}
      propertyPath: m_LocalEulerAnglesHint.z
      value: 173.08801
      objectReference: {fileID: 0}
    - target: {fileID: 8079657964425474643, guid: fe6c16f56c075f74c86c7439513e61a2,
        type: 3}
      propertyPath: m_IsActive
      value: 0
      objectReference: {fileID: 0}
    m_RemovedComponents: []
  m_SourcePrefab: {fileID: 100100000, guid: fe6c16f56c075f74c86c7439513e61a2, type: 3}
--- !u!1 &1604707036566242843 stripped
GameObject:
  m_CorrespondingSourceObject: {fileID: 2040729187601285826, guid: fe6c16f56c075f74c86c7439513e61a2,
    type: 3}
  m_PrefabInstance: {fileID: 727103665594615001}
  m_PrefabAsset: {fileID: 0}
--- !u!4 &3749091836124186140 stripped
Transform:
  m_CorrespondingSourceObject: {fileID: 4472148952574657221, guid: fe6c16f56c075f74c86c7439513e61a2,
    type: 3}
  m_PrefabInstance: {fileID: 727103665594615001}
  m_PrefabAsset: {fileID: 0}
--- !u!23 &2181413488908737264 stripped
MeshRenderer:
  m_CorrespondingSourceObject: {fileID: 1464444951982005801, guid: fe6c16f56c075f74c86c7439513e61a2,
    type: 3}
  m_PrefabInstance: {fileID: 727103665594615001}
  m_PrefabAsset: {fileID: 0}
--- !u!1 &8806655971001284234 stripped
GameObject:
  m_CorrespondingSourceObject: {fileID: 8079657964425474643, guid: fe6c16f56c075f74c86c7439513e61a2,
    type: 3}
  m_PrefabInstance: {fileID: 727103665594615001}
  m_PrefabAsset: {fileID: 0}
--- !u!1001 &5527987122705098247
PrefabInstance:
  m_ObjectHideFlags: 0
  serializedVersion: 2
  m_Modification:
    m_TransformParent: {fileID: 5416758547272059102}
    m_Modifications:
    - target: {fileID: 3175849167767514846, guid: 1076c8ac697e85d4187f224aac84f394,
        type: 3}
      propertyPath: m_Name
      value: Sword_VG
      objectReference: {fileID: 0}
    - target: {fileID: 6239996435463371016, guid: 1076c8ac697e85d4187f224aac84f394,
        type: 3}
      propertyPath: m_RootOrder
      value: 3
      objectReference: {fileID: 0}
    - target: {fileID: 6239996435463371016, guid: 1076c8ac697e85d4187f224aac84f394,
        type: 3}
      propertyPath: m_LocalPosition.x
      value: 0.18505801
      objectReference: {fileID: 0}
    - target: {fileID: 6239996435463371016, guid: 1076c8ac697e85d4187f224aac84f394,
        type: 3}
      propertyPath: m_LocalPosition.y
      value: 0.4278524
      objectReference: {fileID: 0}
    - target: {fileID: 6239996435463371016, guid: 1076c8ac697e85d4187f224aac84f394,
        type: 3}
      propertyPath: m_LocalPosition.z
      value: -0.14687234
      objectReference: {fileID: 0}
    - target: {fileID: 6239996435463371016, guid: 1076c8ac697e85d4187f224aac84f394,
        type: 3}
      propertyPath: m_LocalRotation.w
      value: 0.724889
      objectReference: {fileID: 0}
    - target: {fileID: 6239996435463371016, guid: 1076c8ac697e85d4187f224aac84f394,
        type: 3}
      propertyPath: m_LocalRotation.x
      value: -0.6513103
      objectReference: {fileID: 0}
    - target: {fileID: 6239996435463371016, guid: 1076c8ac697e85d4187f224aac84f394,
        type: 3}
      propertyPath: m_LocalRotation.y
      value: 0.16742478
      objectReference: {fileID: 0}
    - target: {fileID: 6239996435463371016, guid: 1076c8ac697e85d4187f224aac84f394,
        type: 3}
      propertyPath: m_LocalRotation.z
      value: -0.14933115
      objectReference: {fileID: 0}
    - target: {fileID: 6239996435463371016, guid: 1076c8ac697e85d4187f224aac84f394,
        type: 3}
      propertyPath: m_LocalEulerAnglesHint.x
      value: 0
      objectReference: {fileID: 0}
    - target: {fileID: 6239996435463371016, guid: 1076c8ac697e85d4187f224aac84f394,
        type: 3}
      propertyPath: m_LocalEulerAnglesHint.y
      value: 0
      objectReference: {fileID: 0}
    - target: {fileID: 6239996435463371016, guid: 1076c8ac697e85d4187f224aac84f394,
        type: 3}
      propertyPath: m_LocalEulerAnglesHint.z
      value: 0
      objectReference: {fileID: 0}
    m_RemovedComponents: []
  m_SourcePrefab: {fileID: 100100000, guid: 1076c8ac697e85d4187f224aac84f394, type: 3}
--- !u!1 &6964178016109185241 stripped
GameObject:
  m_CorrespondingSourceObject: {fileID: 3175849167767514846, guid: 1076c8ac697e85d4187f224aac84f394,
    type: 3}
  m_PrefabInstance: {fileID: 5527987122705098247}
  m_PrefabAsset: {fileID: 0}
--- !u!4 &1886921715657350927 stripped
Transform:
  m_CorrespondingSourceObject: {fileID: 6239996435463371016, guid: 1076c8ac697e85d4187f224aac84f394,
    type: 3}
  m_PrefabInstance: {fileID: 5527987122705098247}
  m_PrefabAsset: {fileID: 0}
